Workbook

Sheet PRESUPUESTO GENERAL
B2: DESARROLLO DE ACTIVIDADES PARA EL FORTALECIMIENTO DE LA ATENCIÓN AL ADULTO MAYOR DEL MUNICIPIO DE PUEBLO BELLO, CESAR
B3: PRESUPUESTO GENERAL
B4: ITEM | C4: DESCRIPCIÓN | D4: VALOR
B5: 1. | C5: GASTO DE PERSONAL Y ELEMENTOS DE BIOSEGURIDAD EL EQUIPO DE TRABAJO FIJO DEL PROYECTO | D5: ='PRESUPUESTO DETALLADO'!I21 -> 139694300
B6: 2. | C6: TRANSPORTE PARA LA ATENCION Y PROMOCION DE LA POBLACION ADULTA MAYOR BENEFICIADA | D6: =+'PRESUPUESTO DETALLADO'!I26 -> 71500000
B7: 3. | C7: CANASTA DE SERVICIOS | D7: ='PRESUPUESTO DETALLADO'!I117 -> 665932980
B8: 4. | C8: FUNCIONAMIENTO DEL HOGAR DE PASO | D8: ='PRESUPUESTO DETALLADO'!I166 -> 45780499
B9: 5 | C9: EVENTOS | D9: =+'PRESUPUESTO DETALLADO'!I235 -> 87621700
B10: VALOR TOTAL | D10: =SUM(D5:D9) -> 1010529479
B16: JOHANA MARCELA MESTRE IZQUIERDO
B17: Secretaría de Gobierno

Sheet PRESUPUESTO DETALLADO
D1: DESARROLLO DE ACTIVIDADES PARA EL FORTALECIMIENTO DE LA ATENCIÓN AL ADULTO MAYOR DEL MUNICIPIO DE PUEBLO BELLO, CESAR
A2: PRESUPUESTO OFICIAL DETALLADO
A3: 1. | B3: GASTO DE PERSONAL Y ELEMENTOS DE BIOSEGURIDAD EL EQUIPO DE TRABAJO FIJO DEL PROYECTO
A4: ITEM | B4: DESCRIPCION | C4: PORCENTAJE DEDICACION | D4: UNIDAD DE MEDIDA | E4: CANTIDAD | G4: MESES | H4: VALOR UNITARIO | I4: TOTAL ACTIVIDAD
A5: 1.1 | B5: GASTO DE PERSONAL
A6: 1.1.1 | B6: COORDINADOR GENERAL | C6: 0.85 | D6: Unidad | E6: 1 | G6: 6.5 | H6: ='ESTUDIO DE MERCADO'!I6 -> 4860000 | I6: =C6*E6*G6*H6 -> 26851500
A7: 1.1.2 | B7: COORDINADOR OPERATIVO | C7: 0.85 | D7: Unidad | E7: 1 | G7: 6.5 | H7: ='ESTUDIO DE MERCADO'!I7 -> 4320000 | I7: =C7*E7*G7*H7 -> 23868000
A8: 1.1.3 | B8: NUTRICIONISTA | C8: 0.6 | D8: Unidad | E8: 1 | G8: 6.5 | H8: ='ESTUDIO DE MERCADO'!I8 -> 2916000 | I8: =C8*E8*G8*H8 -> 11372400
A9: 1.1.4 | B9: ENFERMERAS | C9: 0.85 | D9: Unidad | E9: 3 | G9: 6.5 | H9: ='ESTUDIO DE MERCADO'!I9 -> 2376000 | I9: =E9*G9*H9*C9 -> 39382200
A10: 1.1.5 | B10: PSICOLOGA | C10: 0.75 | D10: Unidad | E10: 1 | G10: 6.5 | H10: ='ESTUDIO DE MERCADO'!I10 -> 2592000 | I10: =G10*H10*C10 -> 12636000
A11: 1.1.6 | B11: SERVICIOS GENERALES | C11: 0.8 | D11: Unidad | E11: 1 | G11: 6.5 | H11: ='ESTUDIO DE MERCADO'!I11 -> 1423500 | I11: =C11*E11*G11*H11 -> 7402200
A12: TOTAL GASTO DE PERSONAL | I12: =SUM(I6:I11) -> 121512300
A13: 1.2 | B13: ELEMENTOS DE BIOSEGURIDAD EL EQUIPO DE TRABAJO FIJO DEL PROYECTO
A14: ITEM | B14: ESPECIFICACIÓN | D14: UNIDAD DE MEDIDA | F14: CANTIDAD | G14: ENTREGA | H14: VALOR UNITARIO | I14: VALOR TOTAL
A15: 1.2.1. | B15: TAPABOCAS TERMOSELLADO | D15: Unidad | F15: 24 | G15: 10 | H15: ='ESTUDIO DE MERCADO'!I15 -> 720 | I15: =H15*G15*F15 -> 172800
A16: 1.2.2. | B16: CAJA DE GUANTES PARA MANIPULADORAS DE ALIMENTOS (látex de caucho natural, Esteril .(caja x 50 pares) | D16: Caja | F16: 60 | G16: 10 | H16: ='ESTUDIO DE MERCADO'!I16 -> 26500 | I16: =H16*G16*F16 -> 15900000
A17: 1.2.3. | B17: ALCOHOL x 120 ML * 70 % de concentración. | D17: Unidad | F17: 24 | G17: 4 | H17: ='ESTUDIO DE MERCADO'!I17 -> 5200 | I17: =H17*G17*F17 -> 499200
A18: 1.2.4. | B18: GORROS PARA LAS MANIPULADORAS DE ALIMENTOS (fabricado en tela dril blanca). | D18: Unidad | F18: 10 | G18: 4 | H18: ='ESTUDIO DE MERCADO'!I18 -> 6150 | I18: =H18*G18*F18 -> 246000
A19: 1.2.5. | B19: BATAS PARA LAS MANIPULADORAS DE ALIMENTOS (en dril resistente a la suciedad, 1 bolsillo grande, 2 bolsillos medianos y uno pequeño en el pecho, Ancho x Altura: 60 cm x 75 cm). | D19: Unidad | F19: 10 | G19: 2 | H19: ='ESTUDIO DE MERCADO'!I19 -> 68200 | I19: =H19*G19*F19 -> 1364000
A20: SUBTOTAL ELEMENTOS DE BIOSEGURIDAD EL EQUIPO DE TRABAJO FIJO DEL PROYECTO | I20: =SUM(I15:I19) -> 18182000
A21: TOTAL GASTO DE PERSONAL Y ELEMENTOS DE BIOSEGURIDAD EL EQUIPO DE TRABAJO FIJO DEL PROYECTO | I21: =I12+I20 -> 139694300 | J21: ok
A22: 2. | B22: TRANSPORTE PARA LA ATENCION Y PROMOCION DE LA POBLACION ADULTA MAYOR BENEFICIADA
A23: ITEM | B23: ESPECIFICACIÓN | D23: UNIDAD DE MEDIDA. | E23: No | G23: MES / VIAJES | H23: VALOR UNITARIO | I23: VALOR TOTAL
A24: 2.1. | B24: TRANSPORTE PARA LA ENTREGA DE VIVERES PARA EL SERVICIO DE COMEDOR . ENTREGA DE KITS NUTRICIONALES, ENTREGA DE LA DOTACION, KITS ASEO E HIGIENE PERSONAL , UTILES Y ELEMENTOS DE ASEO, EN EL HOGAR DE PASO DE PUEBLO - CESAR | C24: Arrendamiento de Transporte (tipo furgon) Mensual para la entrega de Viveres al Hogar de Paso para la preparacion dedesayunos, meriendas, almuerzos y cenas diarias a los Adultos Mayores Beneficiados. Transporte para la entrega de un kit nutricional, kit de aseo mensual, transporte de dotaciones, a los adultos mayores Saliendo Desde Valledupar hasta Pueblo Bello - Cesar, Incluye Conductor, Combustible y Mantenimiento. | D24: Unidad | E24: 1 | G24: 6.5 | H24: ='ESTUDIO DE MERCADO'!I24 -> 5500000 | I24: =H24*G24*E24 -> 35750000
A25: 2.2. | B25: TRANSPORTE PARA LA ATENCION Y , TRASLADO DE ADULTOS MAYORES A LAS ACTIVIDADES DEL PROGRAMA Y CITAS MEDICAS. | C25: TRANSPORTE PARA LA ATENCION Y , TRASLADO DE ADULTOS MAYORES A LAS ACTIVIDADES DEL PROGRAMA Y CITAS MEDICAS DENTRO DEL MUNICIPIO DE PUEBLO BELLO -CESAR | D25: Unidad | E25: 1 | G25: 6.5 | H25: ='ESTUDIO DE MERCADO'!I25 -> 5500000 | I25: =H25*G25*E25 -> 35750000
A26: TOTAL TRANSPORTE PARA LA ATENCION Y PROMOCION DE LA POBLACION ADULTA MAYOR BENEFICIADA | I26: =SUM(I24:I25) -> 71500000
A27: 3. | B27: CANASTA DE SERVICIOS
A28: 3.1. | B28: SUBPROGRAMA NUTRICIONAL Y CARDIOVASCULAR
A29: 3.1.1. | B29: SERVICIO DE COMEDOR EN EL HOGAR DE PASO (DESAYUNOS, ALMUERZOS Y CENA)
A30: ITEM | B30: ESPECIFICACIÓN | D30: UNIDAD DE MEDIDA. | E30: CANTIDAD DIARIA | F30: BENEFICIARIOS | G30: MESES | H30: VALOR UNITARIO | I30: VALOR TOTAL
A31: 3.1.1.1. | B31: DESAYUNOS SERVIDOS: Huevos revueltos ó Queso, Arepa, yuca ó papa; Avena, Jugo Natural ó Café con Leche o según minuta recomendada por la nutricionista. | D31: Unidad | E31: 30 | F31: 20 | G31: 6.5 | H31: ='ESTUDIO DE MERCADO'!I31 -> 11250 | I31: =H31*G31*F31*E31 -> 43875000
A32: 3.1.1.2 | B32: MERIENDAS: FRUTA, CARBOHIDRATO, PROTEINA | D32: Unidad | E32: 60 | F32: 20 | G32: 6.5 | H32: ='ESTUDIO DE MERCADO'!I32 -> 7250 | I32: =H32*G32*F32*E32 -> 56550000
A33: 3.1.1.3 | B33: ALMUERZOS: PLATOS CORRIENTES INCLUYE: Proteina ( Cerdo, pollo, Carne de Res, Carnero hasta 200 gr) Sopa de Base Cárnica ó granos, Harina, Granos, Verduras y Jugo Natural ó Bebida carnonatada. Carbohidratos, Proteina, Jugo Natural. segun minuta sugerida por la nutricionista. | D33: Unidad | E33: 30 | F33: 20 | G33: 6.5 | H33: ='ESTUDIO DE MERCADO'!I33 -> 16300 | I33: =H33*G33*F33*E33 -> 63570000
A34: 3.1.1.4 | B34: CENA: Huevos revueltos ó Queso, Arepa, yuca ó papa; Avena, Jugo Natural ó Café con Leche. | D34: Unidad | E34: 30 | F34: 20 | G34: 6.5 | H34: ='ESTUDIO DE MERCADO'!I34 -> 11250 | I34: =H34*G34*F34*E34 -> 43875000
A35: SUBTOTAL SERVICIO DE COMEDOR EN EL HOGAR DE PASO (DESAYUNOS , ALMUERZOS Y CENA) | I35: =SUM(I31:I34) -> 207870000
A36: 3.1.2. | B36: ACTIVIDADES, LOGISTICA, EQUIPOS, MATERIALES Y ELEMENTOS PARA EL DESARROLLO DEL PROYECTO
A37: ITEM | B37: ESPECIFICACIÓN | D37: UNIDAD DE MEDIDA | E37: CANTIDAD | G37: MESES | H37: VALOR UNITARIO | I37: VALOR TOTAL
A38: 3.1.2.1. | B38: MAÑANAS DEPORTIVAS: ACTIVIDADES DE INTEGRACION SOCIAL, DEPORTIVA, FISICA Y LUDICO-RECRETIVA | C38: Instructor De actividades Recreativas y Deportivas: Incluye material logístico y para las actividades (Realizará 2 mañana deportivas mensuales) | D38: Número | E38: 1 | G38: 6.5 | H38: ='ESTUDIO DE MERCADO'!I39 -> 1455000 | I38: =H38*G38*E38 -> 9457500
C39: Alquiler de sillas Plasticas con Brazo para los Beneficiarios en la Realizacion de las 2 Mañanas Deportivas Mensuales. | D39: Unidad | E39: 110 | G39: 6.5 | H39: ='ESTUDIO DE MERCADO'!I40 -> 820 | I39: =H39*G39*E39 -> 586300
C40: Alquiler de sonido sencillo para la realizacion de las 2 mañanas deportivas Mensuales con microfono. | D40: Unidad | E40: 2 | G40: 6.5 | H40: ='ESTUDIO DE MERCADO'!I41 -> 275000 | I40: =H40*G40*E40 -> 3575000
C41: Hidratacion entregada en presentacion de botellas de agua de 300ML a todos los beneficiarios y personal de apoyo en las 2 mañanas deportivas | D41: Unidad | E41: 110 | G41: 6.5 | H41: ='ESTUDIO DE MERCADO'!I42 -> 850 | I41: =H41*G41*E41 -> 607750
C42: MEDIA MAÑANA (Carbohidrato, Proteina Animal ú otro, Jugo de 250 ML y una Fruta de Cosecha) entregadas en la realizacion de las Mañanas Deportivas Mensuales para los beneficiarios y personal de apoyo. | D42: Unidad | E42: 110 | G42: 6.5 | H42: ='ESTUDIO DE MERCADO'!I43 -> 7200 | I42: =H42*G42*E42 -> 5148000
A43: SUBTOTAL MAÑANAS DEPORTIVAS | I43: =SUM(I38:I42) -> 19374550
A44: 3.1.4 | B44: PAQUETE NUTRICIONAL PARA LOS ADULTOS MAYORES QUE NO ESTÁN PERMANENTES EN EL CENTRO VIDA
A45: ITEM | B45: ESPECIFICACIÓN | D45: UNIDAD DE MEDIDA. | E45: NUMERO DE PRODUCTOS A ENTREGAR POR BENEFICIARIO | F45: CANTIDAD | G45: KITS ENTREGADOS A CADA BENEFICIARIO | H45: VALOR UNITARIO | I45: VALOR TOTAL
A46: 3.1.4.1. | B46: ARROZ (empaque plástico) x 1000 gr. Se hará entrega de 4 unidades por cada beneficiario. | D46: Unidad | E46: 4 | F46: 35 | G46: 6.5 | H46: ='ESTUDIO DE MERCADO'!I48 -> 5247 | I46: =E46*G46*H46*F46 -> 4774770
A47: 3.1.4.2. | B47: AZUCAR(empaque plástico) x 1000 gr | D47: Unidad | E47: 3 | F47: 35 | G47: 6.5 | H47: ='ESTUDIO DE MERCADO'!I49 -> 5936 | I47: =E47*G47*H47*F47 -> 4051320
A48: 3.1.4.1. | B48: CAFÉ ( empaque carlix plast) 500 gr | D48: Unidad | E48: 2 | F48: 35 | G48: 6.5 | H48: ='ESTUDIO DE MERCADO'!I50 -> 21412 | I48: =E48*G48*H48*F48 -> 9742460
A49: 3.1.4.2. | B49: ACEITE ( botella plástica, aceite vegetal de palma comestible) 900 ml | D49: Unidad | E49: 2 | F49: 35 | G49: 6.5 | H49: ='ESTUDIO DE MERCADO'!I51 -> 13250 | I49: =E49*G49*H49*F49 -> 6028750
A50: 3.1.4.1. | B50: HARINA DE MAIZ PRECOCIDA (empaque plástico, Maiz blanco extrasuave) x 1000 gr | D50: Unidad | E50: 2 | F50: 35 | G50: 6.5 | H50: ='ESTUDIO DE MERCADO'!I52 -> 5512 | I50: =E50*G50*H50*F50 -> 2507960
A51: 3.1.4.2. | B51: AVENA MOLIDA (empaque plástico 100% natural, libre de colesterol) x 1000 gr | D51: Unidad | E51: 2 | F51: 35 | G51: 6.5 | H51: ='ESTUDIO DE MERCADO'!I53 -> 14840 | I51: =E51*G51*H51*F51 -> 6752200
A52: 3.1.4.1. | B52: LECHE EN POLVO (empaque carlix plast con vitamina 100% A, 03) x 900 gr | D52: Unidad | E52: 2 | F52: 35 | G52: 6.5 | H52: ='ESTUDIO DE MERCADO'!I54 -> 34556 | I52: =E52*G52*H52*F52 -> 15722980
A53: 3.1.4.2. | B53: FRIJOL ROJO (empaque plástico) x 1000 gr | D53: Unidad | E53: 1 | F53: 35 | G53: 6.5 | H53: ='ESTUDIO DE MERCADO'!I55 -> 10388 | I53: =E53*G53*H53*F53 -> 2363270
A54: 3.1.4.1. | B54: FRIJOL CABEZA NEGRA (empaque plástico) x 1000 gr | D54: Unidad | E54: 1 | F54: 35 | G54: 6.5 | H54: ='ESTUDIO DE MERCADO'!I56 -> 9010 | I54: =E54*G54*H54*F54 -> 2049775
A55: 3.1.4.2. | B55: LENTEJA (empaque plástico) x 1000 gr | D55: Unidad | E55: 1 | F55: 35 | G55: 6.5 | H55: ='ESTUDIO DE MERCADO'!I57 -> 9752 | I55: =E55*G55*H55*F55 -> 2218580
A56: 3.1.4.1. | B56: SARDINA ( lata abre facil) x 415 gr | D56: Unidad | E56: 4 | F56: 35 | G56: 6.5 | H56: ='ESTUDIO DE MERCADO'!I58 -> 14416 | I56: =E56*G56*H56*F56 -> 13118560
A57: 3.1.4.2. | B57: PASTA TIPO ESPAGUETTI ( empaque plástico) x 1000 gr | D57: Unidad | E57: 1 | F57: 35 | G57: 6.5 | H57: ='ESTUDIO DE MERCADO'!I59 -> 10388 | I57: =E57*G57*H57*F57 -> 2363270
... A65: 3.1.4.2. | B65: MERIENDAS EN ENTREGADAS DE KITS: Panecillo ó Pastelito Relleno con Proteina Animal u Otra Similar, Preparado con Harina de Trigo ó Maiz, Bebida Envasada de 250 ML y Fruta. | D65: Unidad | E65: 1 | F65: 35 | G65: 6.5 | H65: ='ESTUDIO DE MERCADO'!I67 -> 7208 | I65: =E65*G65*H65*F65 -> 1639820
A66: SUBTOTAL KITS NUTRICIONALES ENTREGADOS | I66: =SUM(I46:I65) -> 133934710
A67: TOTAL NUTRICIONAL Y CARDIOVASCULAR | I67: =I66+I43+I35 -> 361179260
A68: 3.2 | B68: SUBPROGRAMA SALUD MENTAL E HIGIENE PERSONAL
A69: 3.2.1. | B69: PRESTACIÓN DE SERVICIOS DE PELUQUERÍA, DOTACIONES, LOGISTICA, KITS DE ASEO Y ELEMENTOS UTILIZADOS EN EL DESARROLLO DEL PROYECTO
A70: ITEM | B70: ESPECIFICACIÓN | D70: UNIDAD DE MEDIDA. | E70: No. | F70: CANTIDAD | H70: VALOR UNITARIO | I70: VALOR TOTAL
A71: 3.2.1.1 | B71: Prestación de servicio de corte, tinturado de cabello para los adultos mayores del Centro del Adulto Mayor | D71: Mes | E71: 7 | F71: 55 | H71: ='ESTUDIO DE MERCADO'!I74 -> 26500 | I71: =H71*F71*E71 -> 10202500
B72: SUBTOTAL SERVICIO DE PELUQUERÍA | I72: =SUM(I71:I71) -> 10202500
A73: 3.2.2 | B73: DOTACIONES PARA LOS ADULTOS MAYORES
A74: 3.2.2.1 | B74: CARNETIZACION ( Carnet Plastificado con su Escarapela y Cordón ) | D74: Unidad | E74: 1 | F74: 55 | H74: =+'ESTUDIO DE MERCADO'!I78 -> 26500 | I74: =H74*F74*E74 -> 1457500
A75: 3.2.2.2 | B75: SUETERES TIPO POLO BORDADO CON LOGO INSTITUCIONAL Y DEL PROYECTO PARA LOS BENEFICIADOS DEL PROYECTO Y EL PERSONAL DE TRABAJO | D75: Unidad | E75: 3 | F75: 55 | H75: =+'ESTUDIO DE MERCADO'!I79 -> 42400 | I75: =H75*F75*E75 -> 6996000
A76: 3.2.2.3 | B76: GORRAS BORDADA CON LOGO DEL PROYECTO. | D76: Unidad | E76: 1 | F76: 55 | H76: =+'ESTUDIO DE MERCADO'!I80 -> 31800 | I76: =H76*F76*E76 -> 1749000
A77: 3.2.2.4 | B77: SUDADERAS COMPLETAS : Pantalón Poliester, Camiseta tipo polo bordada en algodón, Gorra bordada, Medias y Zapatos. | D77: Unidad | E77: 1 | F77: 55 | H77: =+'ESTUDIO DE MERCADO'!I81 -> 307400 | I77: =H77*F77*E77 -> 16907000
B78: SUBTOTAL DOTACIÓN PARA LOSADULTOS MAYORES | I78: =SUM(I74:I77) -> 27109500
A79: SUBTOTAL SERVICIO DE PELUQUERÍA Y DOTACIONES EN EL DESARROLLO DEL PROYECTO | I79: =I72+I78 -> 37312000
A80: 3.2.2. | B80: KITS ASEO E HIGIENE PERSONAL
A81: ITEM | B81: ESPECIFICACIÓN | D81: UNIDAD DE MEDIDA. | E81: NUMERO DE PRODUCTOS A ENTREGAR POR BENEFICIARIO | F81: BENEFICIARIOS | G81: MESES | H81: VALOR UNITARIO | I81: VALOR TOTAL
A82: 3.2.2.1. | B82: KITS ASEO E HIGIENE PERSONAL | C82: SHAMPOO ( empaque plástico) x 300 Ml | D82: Unidad | E82: 2 | F82: 55 | G82: 6.5 | H82: =+'ESTUDIO DE MERCADO'!I87 -> 18444 | I82: =H82*G82*E82*F82 -> 13187460
C83: ACONDICIONADOR ( empaque plástico) x 300 Ml | D83: Unidad | E83: 2 | F83: 55 | G83: 6.5 | H83: =+'ESTUDIO DE MERCADO'!I88 -> 19080 | I83: =H83*G83*E83*F83 -> 13642200
C84: CREMA DENTAL (empaque en caja) x 70 gr | D84: Unidad | E84: 2 | F84: 55 | G84: 6.5 | H84: =+'ESTUDIO DE MERCADO'!I89 -> 10070 | I84: =H84*G84*E84*F84 -> 7200050
C85: CEPILLO DE DIENTES (cerda suave para adultos) | D85: Unidad | E85: 1 | F85: 55 | G85: 6.5 | H85: =+'ESTUDIO DE MERCADO'!I90 -> 8480 | I85: =H85*G85*E85*F85 -> 3031600
C86: DESODORANTE EN ROLON ( empaque plástico) x 50 gr | D86: Unidad | E86: 1 | F86: 55 | G86: 6.5 | H86: =+'ESTUDIO DE MERCADO'!I91 -> 13780 | I86: =H86*G86*E86*F86 -> 4926350
C87: ENJUAGUE BUCAL: 400 ml | D87: Unidad | E87: 2 | F87: 55 | G87: 6.5 | H87: =+'ESTUDIO DE MERCADO'!I92 -> 12720 | I87: =H87*G87*E87*F87 -> 9094800
C88: JABONERA | D88: Unidad | E88: 1 | F88: 55 | G88: 6.5 | H88: =+'ESTUDIO DE MERCADO'!I93 -> 13780 | I88: =H88*G88*E88*F88 -> 4926350
C89: JABON DE BAÑO ( empaque plástico ) x 120 gr | D89: Unidad | E89: 4 | F89: 55 | G89: 6.5 | H89: =+'ESTUDIO DE MERCADO'!I94 -> 2756 | I89: =H89*G89*E89*F89 -> 3941080
C90: JABON LIQUIDO ANTIBACTERIAL x 1000 ml | D90: Unidad | E90: 1 | F90: 55 | G90: 4 | H90: =+'ESTUDIO DE MERCADO'!I95 -> 16960 | I90: =H90*G90*E90*F90 -> 3731200
C91: ESPUMA PARA AFEITAR: 400 ML | D91: Unidad | E91: 1 | F91: 55 | G91: 4 | H91: =+'ESTUDIO DE MERCADO'!I96 -> 16430 | I91: =H91*G91*E91*F91 -> 3614600
C92: PRESTOBARBAS | D92: Unidad | E92: 2 | F92: 55 | G92: 6.5 | H92: =+'ESTUDIO DE MERCADO'!I97 -> 9540 | I92: =H92*G92*E92*F92 -> 6821100
C93: COPITOS: x 150 Unds | D93: Unidad | E93: 1 | F93: 55 | G93: 4 | H93: =+'ESTUDIO DE MERCADO'!I98 -> 19080 | I93: =H93*G93*E93*F93 -> 4197600
C94: COLONIA | D94: Unidad | E94: 1 | F94: 55 | G94: 6.5 | H94: =+'ESTUDIO DE MERCADO'!I99 -> 26500 | I94: =H94*G94*E94*F94 -> 9473750
... C101: CREMA ANTIPALITIS # 4 X 110 Gr | D101: Unidad | E101: 2 | F101: 55 | G101: 6.5 | H101: =+'ESTUDIO DE MERCADO'!I106 -> 38160 | I101: =H101*G101*E101*F101 -> 27284400
C102: TOALLA FACIAL | D102: Unidad | E102: 1 | F102: 55 | G102: 6.5 | H102: =+'ESTUDIO DE MERCADO'!I107 -> 8480 | I102: =F102*G102*H102 -> 3031600
C103: SUBTOTAL KITS DE ASEO E HIGIENE PERSONAL | I103: =SUM(I82:I102) -> 1.428831e+08
A104: TOTAL SUBPROGRAMA SALUD MENTAL E HIGIENE PERSONAL | I104: =I103+I79 -> 1.801951e+08
A105: 3.3. | B105: SUBPROGRAMA EDUCACION Y PRODUCTIVIDAD
A106: ITEM | B106: ESPECIFICACIÓN | D106: UNIDAD DE MEDIDA. | E106: No. | G106: TIEMPO DE EJECUCIÓN | H106: VALOR UNITARIO | I106: VALOR TOTAL
A107: 3.3.1. | B107: INSTRUCTOR PEDAGOGICO | D107: Unidad | E107: 1 | G107: 6.5 | H107: =+'ESTUDIO DE MERCADO'!I113 -> 1423500 | I107: =H107*G107*E107 -> 9252750
A108: 3.3.2. | B108: ORGANIZADOR PARA BAÑOS | C108: TELA, GUATA, AGUJA , HILO, ENCAJE, DECORATIVOS | D108: Unidad | E108: 55 | G108: 6.5 | H108: =+'ESTUDIO DE MERCADO'!I114 -> 45421 | I108: =H108*G108*E108 -> 16238008
A109: 3.3.3. | B109: PORTA ACEITERA Y FOSFORERA | C109: TELA, GUATA, FIELTRO, MOLDE, ENCAJE, TIJERAS, SILICONA CALIENTE, PIEDRITAS DECORATIVAS, LISTÓN | D109: Unidad | E109: 55 | G109: 6.5 | H109: =+'ESTUDIO DE MERCADO'!I115 -> 45421 | I109: =H109*G109*E109 -> 16238008
A110: 3.3.4. | B110: INDIVIDUALES : | C110: ROLLOS DE TRAPITO, MAYA, SILICONA, AGUJA, LANA | D110: Unidad | E110: 55 | G110: 6.5 | H110: =+'ESTUDIO DE MERCADO'!I116 -> 45421 | I110: =H110*G110*E110 -> 16238008
A111: 3.3.5. | B111: MOCHILAS | C111: LANA,AGUJAS | D111: Unidad | E111: 55 | G111: 6.5 | H111: =+'ESTUDIO DE MERCADO'!I117 -> 45421 | I111: =H111*G111*E111 -> 16238008
A112: 3.3.6. | B112: ALPARGATAS | C112: LANA, AGUJAS, PLANITLLAS, SUELAS, PEGANTE | D112: Unidad | E112: 55 | G112: 6.5 | H112: =+'ESTUDIO DE MERCADO'!I118 -> 45421 | I112: =H112*G112*E112 -> 16238008
A113: 3.3.7. | B113: CANASTOS | C113: PAPEL PERIODICO, PEGANTES, BALSO, CARTON | D113: Unidad | E113: 55 | G113: 6.5 | H113: =+'ESTUDIO DE MERCADO'!I119 -> 45421 | I113: =H113*G113*E113 -> 16238008
...

Sheet ESTUDIO DE MERCADO
E1: DESARROLLO DE ACTIVIDADES PARA EL FORTALECIMIENTO DE LA ATENCIÓN AL ADULTO MAYOR DEL MUNICIPIO DE PUEBLO BELLO, CESAR
B2: PRESUPUESTO OFICIAL DETALLADO
B3: 1. | C3: GASTO DE PERSONAL Y ELEMENTOS DE BIOSEGURIDAD EL EQUIPO DE TRABAJO FIJO DEL PROYECTO
B4: ITEM | C4: DESCRIPCION | D4: PORCENTAJE DEDICACION | E4: UNIDAD DE MEDIDA | F4: CANTIDAD | H4: MESES | I4: VALOR UNITARIO | J4: TOTAL ACTIVIDAD
B5: 1.1 | C5: GASTO DE PERSONAL
B6: 1.1.1 | C6: COORDINADOR GENERAL | D6: 0.85 | E6: Unidad | F6: 1 | H6: 9 | I6: 4860000 | J6: =D6*F6*H6*I6 -> 37179000
B7: 1.1.2 | C7: COORDINADOR OPERATIVO | D7: 0.85 | E7: Unidad | F7: 1 | H7: 9 | I7: 4320000 | J7: =D7*F7*H7*I7 -> 33048000
B8: 1.1.3 | C8: NUTRICIONISTA | D8: 0.6 | E8: Unidad | F8: 1 | H8: 9 | I8: 2916000 | J8: =D8*F8*H8*I8 -> 15746400
B9: 1.1.4 | C9: ENFERMERAS | D9: 0.85 | E9: Unidad | F9: 3 | H9: 9 | I9: 2376000 | J9: =F9*H9*I9*D9 -> 54529200
B10: 1.1.5 | C10: PSICOLOGA | D10: 0.85 | E10: Unidad | F10: 1 | H10: 9 | I10: 2592000 | J10: =H10*I10*D10 -> 19828800
B11: 1.1.6 | C11: SERVICIOS GENERALES | D11: 0.8 | E11: Unidad | F11: 1 | H11: 9 | I11: 1423500 | J11: =D11*F11*H11*I11 -> 10249200
B12: TOTAL GASTO DE PERSONAL | J12: =SUM(J6:J11) -> 170580600
B13: 1.2 | C13: ELEMENTOS DE BIOSEGURIDAD EL EQUIPO DE TRABAJO FIJO DEL PROYECTO | M13: COTIZACION 1: PROVEDURIA & LOGISTICA TOTAL | W13: COTIZACION 2 | AG13: COTIZACION 3
B14: ITEM | C14: ESPECIFICACIÓN | E14: UNIDAD DE MEDIDA | G14: CANTIDAD | H14: ENTREGA | I14: VALOR UNITARIO | J14: VALOR TOTAL | L14: ITEM | M14: ESPECIFICACIÓN | O14: UNIDAD DE MEDIDA | Q14: CANTIDAD | R14: ENTREGA | S14: VALOR UNITARIO | T14: VALOR TOTAL | V14: ITEM | W14: ESPECIFICACIÓN | Y14: UNIDAD DE MEDIDA | AA14: CANTIDAD | AB14: ENTREGA | AC14: VALOR UNITARIO | AD14: VALOR TOTAL | AF14: ITEM | AG14: ESPECIFICACIÓN | AI14: UNIDAD DE MEDIDA | AK14: CANTIDAD | AL14: ENTREGA | AM14: VALOR UNITARIO | AN14: VALOR TOTAL
B15: 1.2.1. | C15: TAPABOCAS TERMOSELLADO | E15: Unidad | G15: 24 | H15: 18 | I15: =AVERAGE(S15,AC15,AM15) -> 720 | J15: =I15*H15*G15 -> 311040 | L15: 1 | M15: TAPABOCAS TERMOSELLADO | O15: Unidad | Q15: 24 | R15: 18 | S15: 720 | T15: =S15*R15*Q15 -> 311040 | V15: 1 | W15: TAPABOCAS TERMOSELLADO | Y15: Unidad | AA15: 24 | AB15: 18 | AC15: =S15*1.04 -> 748.8 | AD15: =AC15*AB15*AA15 -> 323481.6 | AF15: 1 | AG15: TAPABOCAS TERMOSELLADO | AI15: Unidad | AK15: 24 | AL15: 18 | AM15: =S15*0.96 -> 691.2 | AN15: =AM15*AL15*AK15 -> 298598.4
B16: 1.2.2. | C16: CAJA DE GUANTES PARA MANIPULADORAS DE ALIMENTOS (látex de caucho natural, Esteril .(caja x 50 pares) | E16: Caja | G16: 60 | H16: 18 | I16: =AVERAGE(S16,AC16,AM16) -> 26500 | J16: =I16*H16*G16 -> 28620000 | L16: 2 | M16: CAJA DE GUANTES PARA MANIPULADORAS DE ALIMENTOS (látex de caucho natural, Esteril .(caja x 50 pares) | O16: Caja | Q16: 60 | R16: 18 | S16: 26500 | T16: =S16*R16*Q16 -> 28620000 | V16: 2 | W16: CAJA DE GUANTES PARA MANIPULADORAS DE ALIMENTOS (látex de caucho natural, Esteril .(caja x 50 pares) | Y16: Caja | AA16: 60 | AB16: 18 | AC16: =S16*1.04 -> 27560 | AD16: =AC16*AB16*AA16 -> 29764800 | AF16: 2 | AG16: CAJA DE GUANTES PARA MANIPULADORAS DE ALIMENTOS (látex de caucho natural, Esteril .(caja x 50 pares) | AI16: Caja | AK16: 60 | AL16: 18 | AM16: =S16*0.96 -> 25440 | AN16: =AM16*AL16*AK16 -> 27475200
B17: 1.2.3. | C17: ALCOHOL x 120 ML * 70 % de concentración. | E17: Unidad | G17: 24 | H17: 4 | I17: =AVERAGE(S17,AC17,AM17) -> 5200 | J17: =I17*H17*G17 -> 499200 | L17: 3 | M17: ALCOHOL x 120 ML * 70 % de concentración. | O17: Unidad | Q17: 24 | R17: 4 | S17: 5200 | T17: =S17*R17*Q17 -> 499200 | V17: 3 | W17: ALCOHOL x 120 ML * 70 % de concentración. | Y17: Unidad | AA17: 24 | AB17: 4 | AC17: =S17*1.04 -> 5408 | AD17: =AC17*AB17*AA17 -> 519168 | AF17: 3 | AG17: ALCOHOL x 120 ML * 70 % de concentración. | AI17: Unidad | AK17: 24 | AL17: 4 | AM17: =S17*0.96 -> 4992 | AN17: =AM17*AL17*AK17 -> 479232
B18: 1.2.4. | C18: GORROS PARA LAS MANIPULADORAS DE ALIMENTOS (fabricado en tela dril blanca). | E18: Unidad | G18: 10 | H18: 4 | I18: =AVERAGE(S18,AC18,AM18) -> 6150 | J18: =I18*H18*G18 -> 246000 | L18: 4 | M18: GORROS PARA LAS MANIPULADORAS DE ALIMENTOS (fabricado en tela dril blanca). | O18: Unidad | Q18: 10 | R18: 4 | S18: 6150 | T18: =S18*R18*Q18 -> 246000 | V18: 4 | W18: GORROS PARA LAS MANIPULADORAS DE ALIMENTOS (fabricado en tela dril blanca). | Y18: Unidad | AA18: 10 | AB18: 4 | AC18: =S18*1.04 -> 6396 | AD18: =AC18*AB18*AA18 -> 255840 | AF18: 4 | AG18: GORROS PARA LAS MANIPULADORAS DE ALIMENTOS (fabricado en tela dril blanca). | AI18: Unidad | AK18: 10 | AL18: 4 | AM18: =S18*0.96 -> 5904 | AN18: =AM18*AL18*AK18 -> 236160
B19: 1.2.5. | C19: BATAS PARA LAS MANIPULADORAS DE ALIMENTOS (en dril resistente a la suciedad, 1 bolsillo grande, 2 bolsillos medianos y uno pequeño en el pecho, Ancho x Altura: 60 cm x 75 cm). | E19: Unidad | G19: 10 | H19: 2 | I19: =AVERAGE(S19,AC19,AM19) -> 68200 | J19: =I19*H19*G19 -> 1364000 | L19: 5 | M19: BATAS PARA LAS MANIPULADORAS DE ALIMENTOS (en dril resistente a la suciedad, 1 bolsillo grande, 2 bolsillos medianos y uno pequeño en el pecho, Ancho x Altura: 60 cm x 75 cm). | O19: Unidad | Q19: 10 | R19: 2 | S19: 68200 | T19: =S19*R19*Q19 -> 1364000 | V19: 5 | W19: BATAS PARA LAS MANIPULADORAS DE ALIMENTOS (en dril resistente a la suciedad, 1 bolsillo grande, 2 bolsillos medianos y uno pequeño en el pecho, Ancho x Altura: 60 cm x 75 cm). | Y19: Unidad | AA19: 10 | AB19: 2 | AC19: =S19*1.04 -> 70928 | AD19: =AC19*AB19*AA19 -> 1418560 | AF19: 5 | AG19: BATAS PARA LAS MANIPULADORAS DE ALIMENTOS (en dril resistente a la suciedad, 1 bolsillo grande, 2 bolsillos medianos y uno pequeño en el pecho, Ancho x Altura: 60 cm x 75 cm). | AI19: Unidad | AK19: 10 | AL19: 2 | AM19: =S19*0.96 -> 65472 | AN19: =AM19*AL19*AK19 -> 1309440
B20: SUBTOTAL ELEMENTOS DE BIOSEGURIDAD EL EQUIPO DE TRABAJO FIJO DEL PROYECTO | J20: =SUM(J15:J19) -> 31040240 | L20: TOTAL COTIZACION | T20: =SUM(T15:T19) -> 31040240 | V20: TOTAL COTIZACION | AD20: =SUM(AD15:AD19) -> 32281850 | AF20: TOTAL COTIZACION | AN20: =SUM(AN15:AN19) -> 29798630
B21: TOTAL GASTO DE PERSONAL Y ELEMENTOS DE BIOSEGURIDAD EL EQUIPO DE TRABAJO FIJO DEL PROYECTO | J21: =J12+J20 -> 201620840
B22: 2. | C22: TRANSPORTE PARA LA ATENCION Y PROMOCION DE LA POBLACION ADULTA MAYOR BENEFICIADA | M22: COTIZACION 1: COOMALPE | W22: =+W13 -> COTIZACION 2 | AG22: =+AG13 -> COTIZACION 3
B23: ITEM | C23: ESPECIFICACIÓN | E23: UNIDAD DE MEDIDA. | F23: No | H23: MES / VIAJES | I23: VALOR UNITARIO | J23: VALOR TOTAL | L23: ITEM | M23: ESPECIFICACIÓN | O23: UNIDAD DE MEDIDA. | P23: No | R23: MES / VIAJES | S23: VALOR UNITARIO | T23: VALOR TOTAL | V23: ITEM | W23: ESPECIFICACIÓN | Y23: UNIDAD DE MEDIDA. | Z23: No | AB23: MES / VIAJES | AC23: VALOR UNITARIO | AD23: VALOR TOTAL | AF23: ITEM | AG23: ESPECIFICACIÓN | AI23: UNIDAD DE MEDIDA. | AJ23: No | AL23: MES / VIAJES | AM23: VALOR UNITARIO | AN23: VALOR TOTAL
B24: 2.1. | C24: TRANSPORTE PARA LA ENTREGA DE VIVERES PARA EL SERVICIO DE COMEDOR . ENTREGA DE KITS NUTRICIONALES, ENTREGA DE LA DOTACION, KITS ASEO E HIGIENE PERSONAL , UTILES Y ELEMENTOS DE ASEO, EN EL HOGAR DE PASO DE PUEBLO - CESAR | D24: Arrendamiento de Transporte (tipo furgon) Mensual para la entrega de Viveres al Hogar de Paso para la preparacion dedesayunos, meriendas, almuerzos y cenas diarias a los Adultos Mayores Beneficiados. Transporte para la entrega de un kit nutricional, kit de aseo mensual, transporte de dotaciones, a los adultos mayores Saliendo Desde Valledupar hasta Pueblo Bello - Cesar, Incluye Conductor, Combustible y Mantenimiento. | E24: Unidad | F24: 1 | H24: 9 | I24: =AVERAGE(S24,AC24,AM24) -> 5500000 | J24: =I24*H24*F24 -> 49500000 | L24: 1 | M24: TRANSPORTE PARA LA ENTREGA DE VIVERES PARA EL SERVICIO DE COMEDOR . ENTREGA DE KITS NUTRICIONALES, ENTREGA DE LA DOTACION, KITS ASEO E HIGIENE PERSONAL , UTILES Y ELEMENTOS DE ASEO, EN EL HOGAR DE PASO DE PUEBLO - CESAR | N24: Arrendamiento de Transporte (tipo furgon) Mensual para la entrega de Viveres al Hogar de Paso para la preparacion dedesayunos, meriendas, almuerzos y cenas diarias a los Adultos Mayores Beneficiados. Transporte para la entrega de un kit nutricional, kit de aseo mensual, transporte de dotaciones, a los adultos mayores Saliendo Desde Valledupar hasta Pueblo Bello - Cesar, Incluye Conductor, Combustible y Mantenimiento. | O24: Unidad | P24: 1 | R24: 9 | S24: 5500000 | T24: =S24*R24*P24 -> 49500000 | V24: 1 | W24: TRANSPORTE PARA LA ENTREGA DE VIVERES PARA EL SERVICIO DE COMEDOR . ENTREGA DE KITS NUTRICIONALES, ENTREGA DE LA DOTACION, KITS ASEO E HIGIENE PERSONAL , UTILES Y ELEMENTOS DE ASEO, EN EL HOGAR DE PASO DE PUEBLO - CESAR | X24: Arrendamiento de Transporte (tipo furgon) Mensual para la entrega de Viveres al Hogar de Paso para la preparacion dedesayunos, meriendas, almuerzos y cenas diarias a los Adultos Mayores Beneficiados. Transporte para la entrega de un kit nutricional, kit de aseo mensual, transporte de dotaciones, a los adultos mayores Saliendo Desde Valledupar hasta Pueblo Bello - Cesar, Incluye Conductor, Combustible y Mantenimiento. | Y24: Unidad | Z24: 1 | AB24: 9 | AC24: =S24*1.04 -> 5720000 | AD24: =AC24*AB24*Z24 -> 51480000 | AF24: 1 | AG24: TRANSPORTE PARA LA ENTREGA DE VIVERES PARA EL SERVICIO DE COMEDOR . ENTREGA DE KITS NUTRICIONALES, ENTREGA DE LA DOTACION, KITS ASEO E HIGIENE PERSONAL , UTILES Y ELEMENTOS DE ASEO, EN EL HOGAR DE PASO DE PUEBLO - CESAR | AH24: Arrendamiento de Transporte (tipo furgon) Mensual para la entrega de Viveres al Hogar de Paso para la preparacion dedesayunos, meriendas, almuerzos y cenas diarias a los Adultos Mayores Beneficiados. Transporte para la entrega de un kit nutricional, kit de aseo mensual, transporte de dotaciones, a los adultos mayores Saliendo Desde Valledupar hasta Pueblo Bello - Cesar, Incluye Conductor, Combustible y Mantenimiento. | AI24: Unidad | AJ24: 1 | AL24: 9 | AM24: =0.96*S24 -> 5280000 | AN24: =AM24*AL24*AJ24 -> 47520000
B25: 2.2. | C25: TRANSPORTE PARA LA ATENCION Y , TRASLADO DE ADULTOS MAYORES A LAS ACTIVIDADES DEL PROGRAMA Y CITAS MEDICAS. | D25: TRANSPORTE PARA LA ATENCION Y , TRASLADO DE ADULTOS MAYORES A LAS ACTIVIDADES DEL PROGRAMA Y CITAS MEDICAS DENTRO DEL MUNICIPIO DE PUEBLO BELLO -CESAR | E25: Unidad | F25: 1 | H25: 9 | I25: =AVERAGE(S25,AC25,AM25) -> 5500000 | J25: =I25*H25*F25 -> 49500000 | L25: 2 | M25: TRANSPORTE PARA LA ATENCION Y , TRASLADO DE ADULTOS MAYORES A LAS ACTIVIDADES DEL PROGRAMA Y CITAS MEDICAS. | N25: TRANSPORTE PARA LA ATENCION Y , TRASLADO DE ADULTOS MAYORES A LAS ACTIVIDADES DEL PROGRAMA Y CITAS MEDICAS DENTRO DEL MUNICIPIO DE PUEBLO BELLO -CESAR | O25: Unidad | P25: 1 | R25: 9 | S25: 5500000 | T25: =S25*R25*P25 -> 49500000 | V25: 2 | W25: TRANSPORTE PARA LA ATENCION Y , TRASLADO DE ADULTOS MAYORES A LAS ACTIVIDADES DEL PROGRAMA Y CITAS MEDICAS. | X25: TRANSPORTE PARA LA ATENCION Y , TRASLADO DE ADULTOS MAYORES A LAS ACTIVIDADES DEL PROGRAMA Y CITAS MEDICAS DENTRO DEL MUNICIPIO DE PUEBLO BELLO -CESAR | Y25: Unidad | Z25: 1 | AB25: 9 | AC25: =S25*1.04 -> 5720000 | AD25: =AC25*AB25*Z25 -> 51480000 | AF25: 2 | AG25: TRANSPORTE PARA LA ATENCION Y , TRASLADO DE ADULTOS MAYORES A LAS ACTIVIDADES DEL PROGRAMA Y CITAS MEDICAS. | AH25: TRANSPORTE PARA LA ATENCION Y , TRASLADO DE ADULTOS MAYORES A LAS ACTIVIDADES DEL PROGRAMA Y CITAS MEDICAS DENTRO DEL MUNICIPIO DE PUEBLO BELLO -CESAR | AI25: Unidad | AJ25: 1 | AL25: 9 | AM25: =0.96*S25 -> 5280000 | AN25: =AM25*AL25*AJ25 -> 47520000
B26: TOTAL TRANSPORTE PARA LA ATENCION Y PROMOCION DE LA POBLACION ADULTA MAYOR BENEFICIADA | J26: =SUM(J24:J25) -> 99000000 | L26: =+L20 -> TOTAL COTIZACION | T26: =SUM(T24:T25) -> 99000000 | V26: =+V20 -> TOTAL COTIZACION | AD26: =SUM(AD24:AD25) -> 102960000 | AF26: =+AF20 -> TOTAL COTIZACION | AN26: =SUM(AN24:AN25) -> 95040000
B27: 3. | C27: CANASTA DE SERVICIOS
B28: 3.1. | C28: SUBPROGRAMA NUTRICIONAL Y CARDIOVASCULAR
B29: 3.1.1. | C29: SERVICIO DE COMEDOR EN EL HOGAR DE PASO (DESAYUNOS, ALMUERZOS Y CENA) | M29: COTIZACION 1 | W29: COTIZACION 2 | AG29: COTIZACION 3
B30: ITEM | C30: ESPECIFICACIÓN | E30: UNIDAD DE MEDIDA. | F30: CANTIDAD DIARIA | G30: BENEFICIARIOS | H30: MESES | I30: VALOR UNITARIO | J30: VALOR TOTAL | L30: ITEM | M30: ESPECIFICACIÓN | O30: UNIDAD DE MEDIDA. | P30: CANTIDAD DIARIA | Q30: BENEFICIARIOS | R30: MESES | S30: VALOR UNITARIO | T30: VALOR TOTAL | V30: ITEM | W30: ESPECIFICACIÓN | Y30: UNIDAD DE MEDIDA. | Z30: CANTIDAD DIARIA | AA30: BENEFICIARIOS | AB30: MESES | AC30: VALOR UNITARIO | AD30: VALOR TOTAL | AF30: ITEM | AG30: ESPECIFICACIÓN | AI30: UNIDAD DE MEDIDA. | AJ30: CANTIDAD DIARIA | AK30: BENEFICIARIOS | AL30: MESES | AM30: VALOR UNITARIO | AN30: VALOR TOTAL
B31: 3.1.1.1. | C31: DESAYUNOS SERVIDOS: Huevos revueltos ó Queso, Arepa, yuca ó papa; Avena, Jugo Natural ó Café con Leche o según minuta recomendada por la nutricionista. | E31: Unidad | F31: 30 | G31: 20 | H31: 9 | I31: =AVERAGE(S31,AC31,AM31) -> 11250 | J31: =I31*H31*G31*F31 -> 60750000 | L31: 1 | M31: DESAYUNOS SERVIDOS: Huevos revueltos ó Queso, Arepa, yuca ó papa; Avena, Jugo Natural ó Café con Leche o según minuta recomendada por la nutricionista. | O31: Unidad | P31: 30 | Q31: 20 | R31: 9 | S31: 11250 | T31: =S31*R31*Q31*P31 -> 60750000 | V31: 1 | W31: DESAYUNOS SERVIDOS: Huevos revueltos ó Queso, Arepa, yuca ó papa; Avena, Jugo Natural ó Café con Leche o según minuta recomendada por la nutricionista. | Y31: Unidad | Z31: 30 | AA31: 20 | AB31: 9 | AC31: =S31*1.04 -> 11700 | AD31: =AC31*AB31*AA31*Z31 -> 63180000 | AF31: 1 | AG31: DESAYUNOS SERVIDOS: Huevos revueltos ó Queso, Arepa, yuca ó papa; Avena, Jugo Natural ó Café con Leche o según minuta recomendada por la nutricionista. | AI31: Unidad | AJ31: 30 | AK31: 20 | AL31: 9 | AM31: =S31*0.96 -> 10800 | AN31: =AM31*AL31*AK31*AJ31 -> 58320000
B32: 3.1.1.2 | C32: MERIENDAS: FRUTA, CARBOHIDRATO, PROTEINA | E32: Unidad | F32: 60 | G32: 20 | H32: 9 | I32: =AVERAGE(S32,AC32,AM32) -> 7250 | J32: =I32*H32*G32*F32 -> 78300000 | L32: 2 | M32: MERIENDAS: FRUTA, CARBOHIDRATO, PROTEINA | O32: Unidad | P32: 60 | Q32: 20 | R32: 9 | S32: 7250 | T32: =S32*R32*Q32*P32 -> 78300000 | V32: 2 | W32: MERIENDAS: FRUTA, CARBOHIDRATO, PROTEINA | Y32: Unidad | Z32: 60 | AA32: 20 | AB32: 9 | AC32: =S32*1.04 -> 7540 | AD32: =AC32*AB32*AA32*Z32 -> 81432000 | AF32: 2 | AG32: MERIENDAS: FRUTA, CARBOHIDRATO, PROTEINA | AI32: Unidad | AJ32: 60 | AK32: 20 | AL32: 9 | AM32: =S32*0.96 -> 6960 | AN32: =AM32*AL32*AK32*AJ32 -> 75168000
B33: 3.1.1.3 | C33: ALMUERZOS: PLATOS CORRIENTES INCLUYE: Proteina ( Cerdo, pollo, Carne de Res, Carnero hasta 200 gr) Sopa de Base Cárnica ó granos, Harina, Granos, Verduras y Jugo Natural ó Bebida carnonatada. Carbohidratos, Proteina, Jugo Natural. segun minuta sugerida por la nutricionista. | E33: Unidad | F33: 30 | G33: 20 | H33: 9 | I33: =AVERAGE(S33,AC33,AM33) -> 16300 | J33: =I33*H33*G33*F33 -> 88020000 | L33: 3 | M33: ALMUERZOS: PLATOS CORRIENTES INCLUYE: Proteina ( Cerdo, pollo, Carne de Res, Carnero hasta 200 gr) Sopa de Base Cárnica ó granos, Harina, Granos, Verduras y Jugo Natural ó Bebida carnonatada. Carbohidratos, Proteina, Jugo Natural. segun minuta sugerida por la nutricionista. | O33: Unidad | P33: 30 | Q33: 20 | R33: 9 | S33: 16300 | T33: =S33*R33*Q33*P33 -> 88020000 | V33: 3 | W33: ALMUERZOS: PLATOS CORRIENTES INCLUYE: Proteina ( Cerdo, pollo, Carne de Res, Carnero hasta 200 gr) Sopa de Base Cárnica ó granos, Harina, Granos, Verduras y Jugo Natural ó Bebida carnonatada. Carbohidratos, Proteina, Jugo Natural. segun minuta sugerida por la nutricionista. | Y33: Unidad | Z33: 30 | AA33: 20 | AB33: 9 | AC33: =S33*1.04 -> 16952 | AD33: =AC33*AB33*AA33*Z33 -> 91540800 | AF33: 3 | AG33: ALMUERZOS: PLATOS CORRIENTES INCLUYE: Proteina ( Cerdo, pollo, Carne de Res, Carnero hasta 200 gr) Sopa de Base Cárnica ó granos, Harina, Granos, Verduras y Jugo Natural ó Bebida carnonatada. Carbohidratos, Proteina, Jugo Natural. segun minuta sugerida por la nutricionista. | AI33: Unidad | AJ33: 30 | AK33: 20 | AL33: 9 | AM33: =S33*0.96 -> 15648 | AN33: =AM33*AL33*AK33*AJ33 -> 84499200
B34: 3.1.1.4 | C34: CENA: Huevos revueltos ó Queso, Arepa, yuca ó papa; Avena, Jugo Natural ó Café con Leche. | E34: Unidad | F34: 30 | G34: 20 | H34: 9 | I34: =AVERAGE(S34,AC34,AM34) -> 11250 | J34: =I34*H34*G34*F34 -> 60750000 | L34: 4 | M34: CENA: Huevos revueltos ó Queso, Arepa, yuca ó papa; Avena, Jugo Natural ó Café con Leche. | O34: Unidad | P34: 30 | Q34: 20 | R34: 9 | S34: 11250 | T34: =S34*R34*Q34*P34 -> 60750000 | V34: 4 | W34: CENA: Huevos revueltos ó Queso, Arepa, yuca ó papa; Avena, Jugo Natural ó Café con Leche. | Y34: Unidad | Z34: 30 | AA34: 20 | AB34: 9 | AC34: =S34*1.04 -> 11700 | AD34: =AC34*AB34*AA34*Z34 -> 63180000 | AF34: 4 | AG34: CENA: Huevos revueltos ó Queso, Arepa, yuca ó papa; Avena, Jugo Natural ó Café con Leche. | AI34: Unidad | AJ34: 30 | AK34: 20 | AL34: 9 | AM34: =S34*0.96 -> 10800 | AN34: =AM34*AL34*AK34*AJ34 -> 58320000
B35: SUBTOTAL SERVICIO DE COMEDOR EN EL HOGAR DE PASO (DESAYUNOS , ALMUERZOS Y CENA) | J35: =SUM(J31:J34) -> 287820000 | L35: TOTAL COTIZACION | T35: =SUM(T31:T34) -> 287820000 | V35: TOTAL COTIZACION | AD35: =SUM(AD31:AD34) -> 299332800 | AF35: TOTAL COTIZACION | AN35: =SUM(AN31:AN34) -> 276307200
B37: 3.1.2. | C37: ACTIVIDADES, LOGISTICA, EQUIPOS, MATERIALES Y ELEMENTOS PARA EL DESARROLLO DEL PROYECTO | M37: COTIZACION 1 | W37: COTIZACION 2 | AG37: COTIZACION 3
B38: ITEM | C38: ESPECIFICACIÓN | E38: UNIDAD DE MEDIDA | F38: CANTIDAD | H38: MESES | I38: VALOR UNITARIO | J38: VALOR TOTAL | L38: ITEM | M38: ESPECIFICACIÓN | O38: UNIDAD DE MEDIDA | P38: CANTIDAD | R38: MESES | S38: VALOR UNITARIO | T38: VALOR TOTAL | V38: ITEM | W38: ESPECIFICACIÓN | Y38: UNIDAD DE MEDIDA | Z38: CANTIDAD | AB38: MESES | AC38: VALOR UNITARIO | AD38: VALOR TOTAL | AF38: ITEM | AG38: ESPECIFICACIÓN | AI38: UNIDAD DE MEDIDA | AJ38: CANTIDAD | AL38: MESES | AM38: VALOR UNITARIO | AN38: VALOR TOTAL
B39: 3.1.2.1. | C39: MAÑANAS DEPORTIVAS: ACTIVIDADES DE INTEGRACION SOCIAL, DEPORTIVA, FISICA Y LUDICO-RECRETIVA | D39: Instructor De actividades Recreativas y Deportivas: Incluye material logístico y para las actividades (Realizará 2 mañana deportivas mensuales) | E39: Número | F39: 1 | H39: 9 | I39: =AVERAGE(S39,AC39,AM39) -> 1455000 | J39: =I39*H39*F39 -> 13095000 | L39: 1 | M39: MAÑANAS DEPORTIVAS: ACTIVIDADES DE INTEGRACION SOCIAL, DEPORTIVA, FISICA Y LUDICO-RECRETIVA | N39: Instructor De actividades Recreativas y Deportivas: Incluye material logístico y para las actividades (Realizará 2 mañana deportivas mensuales) | O39: Número | P39: 1 | R39: 9 | S39: 1455000 | T39: =S39*R39*P39 -> 13095000 | V39: 1 | W39: MAÑANAS DEPORTIVAS: ACTIVIDADES DE INTEGRACION SOCIAL, DEPORTIVA, FISICA Y LUDICO-RECRETIVA | X39: Instructor De actividades Recreativas y Deportivas: Incluye material logístico y para las actividades (Realizará 2 mañana deportivas mensuales) | Y39: Número | Z39: 1 | AB39: 9 | AC39: =S39*1.04 -> 1513200 | AD39: =AC39*AB39*Z39 -> 13618800 | AF39: 1 | AG39: MAÑANAS DEPORTIVAS: ACTIVIDADES DE INTEGRACION SOCIAL, DEPORTIVA, FISICA Y LUDICO-RECRETIVA | AH39: Instructor De actividades Recreativas y Deportivas: Incluye material logístico y para las actividades (Realizará 2 mañana deportivas mensuales) | AI39: Número | AJ39: 1 | AL39: 9 | AM39: =S39*0.96 -> 1396800 | AN39: =AM39*AL39*AJ39 -> 12571200
D40: Alquiler de sillas Plasticas con Brazo para los Beneficiarios en la Realizacion de las 2 Mañanas Deportivas Mensuales. | E40: Unidad | F40: 110 | H40: 9 | I40: =AVERAGE(S40,AC40,AM40) -> 820 | J40: =I40*H40*F40 -> 811800 | N40: Alquiler de sillas Plasticas con Brazo para los Beneficiarios en la Realizacion de las 2 Mañanas Deportivas Mensuales. | O40: Unidad | P40: 110 | R40: 9 | S40: 820 | T40: =S40*R40*P40 -> 811800 | X40: Alquiler de sillas Plasticas con Brazo para los Beneficiarios en la Realizacion de las 2 Mañanas Deportivas Mensuales. | Y40: Unidad | Z40: 110 | AB40: 9 | AC40: =S40*1.04 -> 852.8 | AD40: =AC40*AB40*Z40 -> 844272 | AH40: Alquiler de sillas Plasticas con Brazo para los Beneficiarios en la Realizacion de las 2 Mañanas Deportivas Mensuales. | AI40: Unidad | AJ40: 110 | AL40: 9 | AM40: =S40*0.96 -> 787.2 | AN40: =AM40*AL40*AJ40 -> 779328
D41: Alquiler de sonido sencillo para la realizacion de las 2 mañanas deportivas Mensuales con microfono. | E41: Unidad | F41: 2 | H41: 9 | I41: =AVERAGE(S41,AC41,AM41) -> 275000 | J41: =I41*H41*F41 -> 4950000 | N41: Alquiler de sonido sencillo para la realizacion de las 2 mañanas deportivas Mensuales con microfono. | O41: Unidad | P41: 2 | R41: 9 | S41: 275000 | T41: =S41*R41*P41 -> 4950000 | X41: Alquiler de sonido sencillo para la realizacion de las 2 mañanas deportivas Mensuales con microfono. | Y41: Unidad | Z41: 2 | AB41: 9 | AC41: =S41*1.04 -> 286000 | AD41: =AC41*AB41*Z41 -> 5148000 | AH41: Alquiler de sonido sencillo para la realizacion de las 2 mañanas deportivas Mensuales con microfono. | AI41: Unidad | AJ41: 2 | AL41: 9 | AM41: =S41*0.96 -> 264000 | AN41: =AM41*AL41*AJ41 -> 4752000
D42: Hidratacion entregada en presentacion de botellas de agua de 300ML a todos los beneficiarios y personal de apoyo en las 2 mañanas deportivas | E42: Unidad | F42: 110 | H42: 9 | I42: =AVERAGE(S42,AC42,AM42) -> 850 | J42: =I42*H42*F42 -> 841500 | N42: Hidratacion entregada en presentacion de botellas de agua de 300ML a todos los beneficiarios y personal de apoyo en las 2 mañanas deportivas | O42: Unidad | P42: 110 | R42: 9 | S42: 850 | T42: =S42*R42*P42 -> 841500 | X42: Hidratacion entregada en presentacion de botellas de agua de 300ML a todos los beneficiarios y personal de apoyo en las 2 mañanas deportivas | Y42: Unidad | Z42: 110 | AB42: 9 | AC42: =S42*1.04 -> 884 | AD42: =AC42*AB42*Z42 -> 875160 | AH42: Hidratacion entregada en presentacion de botellas de agua de 300ML a todos los beneficiarios y personal de apoyo en las 2 mañanas deportivas | AI42: Unidad | AJ42: 110 | AL42: 9 | AM42: =S42*0.96 -> 816 | AN42: =AM42*AL42*AJ42 -> 807840
D43: MEDIA MAÑANA (Carbohidrato, Proteina Animal ú otro, Jugo de 250 ML y una Fruta de Cosecha) entregadas en la realizacion de las Mañanas Deportivas Mensuales para los beneficiarios y personal de apoyo. | E43: Unidad | F43: 110 | H43: 9 | I43: =AVERAGE(S43,AC43,AM43) -> 7200 | J43: =I43*H43*F43 -> 7128000 | N43: MEDIA MAÑANA (Carbohidrato, Proteina Animal ú otro, Jugo de 250 ML y una Fruta de Cosecha) entregadas en la realizacion de las Mañanas Deportivas Mensuales para los beneficiarios y personal de apoyo. | O43: Unidad | P43: 110 | R43: 9 | S43: 7200 | T43: =S43*R43*P43 -> 7128000 | X43: MEDIA MAÑANA (Carbohidrato, Proteina Animal ú otro, Jugo de 250 ML y una Fruta de Cosecha) entregadas en la realizacion de las Mañanas Deportivas Mensuales para los beneficiarios y personal de apoyo. | Y43: Unidad | Z43: 110 | AB43: 9 | AC43: =S43*1.04 -> 7488 | AD43: =AC43*AB43*Z43 -> 7413120 | AH43: MEDIA MAÑANA (Carbohidrato, Proteina Animal ú otro, Jugo de 250 ML y una Fruta de Cosecha) entregadas en la realizacion de las Mañanas Deportivas Mensuales para los beneficiarios y personal de apoyo. | AI43: Unidad | AJ43: 110 | AL43: 9 | AM43: =S43*0.96 -> 6912 | AN43: =AM43*AL43*AJ43 -> 6842880
B44: SUBTOTAL MAÑANAS DEPORTIVAS | J44: =SUM(J39:J43) -> 26826300 | L44: TOTAL COTIZACION | T44: =SUM(T39:T43) -> 26826300 | V44: TOTAL COTIZACION | AD44: =SUM(AD39:AD43) -> 27899352 | AF44: TOTAL COTIZACION | AN44: =SUM(AN39:AN43) -> 25753248
B46: 3.1.4 | C46: PAQUETE NUTRICIONAL PARA LOS ADULTOS MAYORES QUE NO ESTÁN PERMANENTES EN EL CENTRO VIDA | M46: =+M13 -> COTIZACION 1: PROVEDURIA & LOGISTICA TOTAL | W46: =+W13 -> COTIZACION 2 | AG46: =+AG13 -> COTIZACION 3
B47: ITEM | C47: ESPECIFICACIÓN | E47: UNIDAD DE MEDIDA. | F47: NUMERO DE PRODUCTOS A ENTREGAR POR BENEFICIARIO | G47: CANTIDAD | H47: KITS ENTREGADOS A CADA BENEFICIARIO | I47: VALOR UNITARIO | J47: VALOR TOTAL | L47: ITEM | M47: ESPECIFICACIÓN | O47: UNIDAD DE MEDIDA. | P47: NUMERO DE PRODUCTOS A ENTREGAR POR BENEFICIARIO | Q47: CANTIDAD | R47: KITS ENTREGADOS A CADA BENEFICIARIO | S47: VALOR UNITARIO | T47: VALOR TOTAL | V47: ITEM | W47: ESPECIFICACIÓN | Y47: UNIDAD DE MEDIDA. | Z47: NUMERO DE PRODUCTOS A ENTREGAR POR BENEFICIARIO | AA47: CANTIDAD | AB47: KITS ENTREGADOS A CADA BENEFICIARIO | AC47: VALOR UNITARIO | AD47: VALOR TOTAL | AF47: ITEM | AG47: ESPECIFICACIÓN | AI47: UNIDAD DE MEDIDA. | AJ47: NUMERO DE PRODUCTOS A ENTREGAR POR BENEFICIARIO | AK47: CANTIDAD | AL47: KITS ENTREGADOS A CADA BENEFICIARIO | AM47: VALOR UNITARIO | AN47: VALOR TOTAL
B48: 3.1.4.1. | C48: ARROZ (empaque plástico) x 1000 gr. Se hará entrega de 4 unidades por cada beneficiario. | E48: Unidad | F48: 4 | G48: 35 | H48: 9 | I48: =AVERAGE(S48,AC48,AM48) -> 5247 | J48: =F48*H48*I48*G48 -> 6611220 | L48: 1 | M48: ARROZ (empaque plástico) x 1000 gr. Se hará entrega de 4 unidades por cada beneficiario. | O48: Unidad | P48: 4 | Q48: 35 | R48: 9 | S48: 5247 | T48: =P48*R48*S48*Q48 -> 6611220 | V48: 1 | W48: ARROZ (empaque plástico) x 1000 gr. Se hará entrega de 4 unidades por cada beneficiario. | Y48: Unidad | Z48: 4 | AA48: 35 | AB48: 9 | AC48: =S48*1.04 -> 5456.88 | AD48: =Z48*AB48*AC48*AA48 -> 6875668.8 | AF48: 1 | AG48: ARROZ (empaque plástico) x 1000 gr. Se hará entrega de 4 unidades por cada beneficiario. | AI48: Unidad | AJ48: 4 | AK48: 35 | AL48: 9 | AM48: =+S48*0.96 -> 5037.12 | AN48: =AJ48*AL48*AM48*AK48 -> 6346771.2
B49: 3.1.4.2. | C49: AZUCAR(empaque plástico) x 1000 gr | E49: Unidad | F49: 3 | G49: 35 | H49: 9 | I49: =AVERAGE(S49,AC49,AM49) -> 5936 | J49: =F49*H49*I49*G49 -> 5609520 | L49: 2 | M49: AZUCAR(empaque plástico) x 1000 gr | O49: Unidad | P49: 3 | Q49: 35 | R49: 9 | S49: 5936 | T49: =P49*R49*S49*Q49 -> 5609520 | V49: 2 | W49: AZUCAR(empaque plástico) x 1000 gr | Y49: Unidad | Z49: 3 | AA49: 35 | AB49: 9 | AC49: =S49*1.04 -> 6173.44 | AD49: =Z49*AB49*AC49*AA49 -> 5833900.8 | AF49: 2 | AG49: AZUCAR(empaque plástico) x 1000 gr | AI49: Unidad | AJ49: 3 | AK49: 35 | AL49: 9 | AM49: =+S49*0.96 -> 5698.56 | AN49: =AJ49*AL49*AM49*AK49 -> 5385139.2
B50: 3.1.4.1. | C50: CAFÉ ( empaque carlix plast) 500 gr | E50: Unidad | F50: 2 | G50: 35 | H50: 9 | I50: =AVERAGE(S50,AC50,AM50) -> 21412 | J50: =F50*H50*I50*G50 -> 13489560 | L50: 3 | M50: CAFÉ ( empaque carlix plast) 500 gr | O50: Unidad | P50: 2 | Q50: 35 | R50: 9 | S50: 21412 | T50: =P50*R50*S50*Q50 -> 13489560 | V50: 3 | W50: CAFÉ ( empaque carlix plast) 500 gr | Y50: Unidad | Z50: 2 | AA50: 35 | AB50: 9 | AC50: =S50*1.04 -> 22268.48 | AD50: =Z50*AB50*AC50*AA50 -> 14029142 | AF50: 3 | AG50: CAFÉ ( empaque carlix plast) 500 gr | AI50: Unidad | AJ50: 2 | AK50: 35 | AL50: 9 | AM50: =+S50*0.96 -> 20555.52 | AN50: =AJ50*AL50*AM50*AK50 -> 12949978
B51: 3.1.4.2. | C51: ACEITE ( botella plástica, aceite vegetal de palma comestible) 900 ml | E51: Unidad | F51: 2 | G51: 35 | H51: 9 | I51: =AVERAGE(S51,AC51,AM51) -> 13250 | J51: =F51*H51*I51*G51 -> 8347500 | L51: 4 | M51: ACEITE ( botella plástica, aceite vegetal de palma comestible) 900 ml | O51: Unidad | P51: 2 | Q51: 35 | R51: 9 | S51: 13250 | T51: =P51*R51*S51*Q51 -> 8347500 | V51: 4 | W51: ACEITE ( botella plástica, aceite vegetal de palma comestible) 900 ml | Y51: Unidad | Z51: 2 | AA51: 35 | AB51: 9 | AC51: =S51*1.04 -> 13780 | AD51: =Z51*AB51*AC51*AA51 -> 8681400 | AF51: 4 | AG51: ACEITE ( botella plástica, aceite vegetal de palma comestible) 900 ml | AI51: Unidad | AJ51: 2 | AK51: 35 | AL51: 9 | AM51: =+S51*0.96 -> 12720 | AN51: =AJ51*AL51*AM51*AK51 -> 8013600
B52: 3.1.4.1. | C52: HARINA DE MAIZ PRECOCIDA (empaque plástico, Maiz blanco extrasuave) x 1000 gr | E52: Unidad | F52: 2 | G52: 35 | H52: 9 | I52: =AVERAGE(S52,AC52,AM52) -> 5512 | J52: =F52*H52*I52*G52 -> 3472560 | L52: 5 | M52: HARINA DE MAIZ PRECOCIDA (empaque plástico, Maiz blanco extrasuave) x 1000 gr | O52: Unidad | P52: 2 | Q52: 35 | R52: 9 | S52: 5512 | T52: =P52*R52*S52*Q52 -> 3472560 | V52: 5 | W52: HARINA DE MAIZ PRECOCIDA (empaque plástico, Maiz blanco extrasuave) x 1000 gr | Y52: Unidad | Z52: 2 | AA52: 35 | AB52: 9 | AC52: =S52*1.04 -> 5732.48 | AD52: =Z52*AB52*AC52*AA52 -> 3611462.4 | AF52: 5 | AG52: HARINA DE MAIZ PRECOCIDA (empaque plástico, Maiz blanco extrasuave) x 1000 gr | AI52: Unidad | AJ52: 2 | AK52: 35 | AL52: 9 | AM52: =+S52*0.96 -> 5291.52 | AN52: =AJ52*AL52*AM52*AK52 -> 3333657.6
B53: 3.1.4.2. | C53: AVENA MOLIDA (empaque plástico 100% natural, libre de colesterol) x 1000 gr | E53: Unidad | F53: 2 | G53: 35 | H53: 9 | I53: =AVERAGE(S53,AC53,AM53) -> 14840 | J53: =F53*H53*I53*G53 -> 9349200 | L53: 6 | M53: AVENA MOLIDA (empaque plástico 100% natural, libre de colesterol) x 1000 gr | O53: Unidad | P53: 2 | Q53: 35 | R53: 9 | S53: 14840 | T53: =P53*R53*S53*Q53 -> 9349200 | V53: 6 | W53: AVENA MOLIDA (empaque plástico 100% natural, libre de colesterol) x 1000 gr | Y53: Unidad | Z53: 2 | AA53: 35 | AB53: 9 | AC53: =S53*1.04 -> 15433.6 | AD53: =Z53*AB53*AC53*AA53 -> 9723168 | AF53: 6 | AG53: AVENA MOLIDA (empaque plástico 100% natural, libre de colesterol) x 1000 gr | AI53: Unidad | AJ53: 2 | AK53: 35 | AL53: 9 | AM53: =+S53*0.96 -> 14246.4 | AN53: =AJ53*AL53*AM53*AK53 -> 8975232
B54: 3.1.4.1. | C54: LECHE EN POLVO (empaque carlix plast con vitamina 100% A, 03) x 900 gr | E54: Unidad | F54: 2 | G54: 35 | H54: 9 | I54: =AVERAGE(S54,AC54,AM54) -> 34556 | J54: =F54*H54*I54*G54 -> 21770280 | L54: 7 | M54: LECHE EN POLVO (empaque carlix plast con vitamina 100% A, 03) x 900 gr | O54: Unidad | P54: 2 | Q54: 35 | R54: 9 | S54: 34556 | T54: =P54*R54*S54*Q54 -> 21770280 | V54: 7 | W54: LECHE EN POLVO (empaque carlix plast con vitamina 100% A, 03) x 900 gr | Y54: Unidad | Z54: 2 | AA54: 35 | AB54: 9 | AC54: =S54*1.04 -> 35938.24 | AD54: =Z54*AB54*AC54*AA54 -> 22641091 | AF54: 7 | AG54: LECHE EN POLVO (empaque carlix plast con vitamina 100% A, 03) x 900 gr | AI54: Unidad | AJ54: 2 | AK54: 35 | AL54: 9 | AM54: =+S54*0.96 -> 33173.76 | AN54: =AJ54*AL54*AM54*AK54 -> 20899469
B55: 3.1.4.2. | C55: FRIJOL ROJO (empaque plástico) x 1000 gr | E55: Unidad | F55: 1 | G55: 35 | H55: 9 | I55: =AVERAGE(S55,AC55,AM55) -> 10388 | J55: =F55*H55*I55*G55 -> 3272220 | L55: 8 | M55: FRIJOL ROJO (empaque plástico) x 1000 gr | O55: Unidad | P55: 1 | Q55: 35 | R55: 9 | S55: 10388 | T55: =P55*R55*S55*Q55 -> 3272220 | V55: 8 | W55: FRIJOL ROJO (empaque plástico) x 1000 gr | Y55: Unidad | Z55: 1 | AA55: 35 | AB55: 9 | AC55: =S55*1.04 -> 10803.52 | AD55: =Z55*AB55*AC55*AA55 -> 3403108.8 | AF55: 8 | AG55: FRIJOL ROJO (empaque plástico) x 1000 gr | AI55: Unidad | AJ55: 1 | AK55: 35 | AL55: 9 | AM55: =+S55*0.96 -> 9972.48 | AN55: =AJ55*AL55*AM55*AK55 -> 3141331.2
B56: 3.1.4.1. | C56: FRIJOL CABEZA NEGRA (empaque plástico) x 1000 gr | E56: Unidad | F56: 1 | G56: 35 | H56: 9 | I56: =AVERAGE(S56,AC56,AM56) -> 9010 | J56: =F56*H56*I56*G56 -> 2838150 | L56: 9 | M56: FRIJOL CABEZA NEGRA (empaque plástico) x 1000 gr | O56: Unidad | P56: 1 | Q56: 35 | R56: 9 | S56: 9010 | T56: =P56*R56*S56*Q56 -> 2838150 | V56: 9 | W56: FRIJOL CABEZA NEGRA (empaque plástico) x 1000 gr | Y56: Unidad | Z56: 1 | AA56: 35 | AB56: 9 | AC56: =S56*1.04 -> 9370.4 | AD56: =Z56*AB56*AC56*AA56 -> 2951676 | AF56: 9 | AG56: FRIJOL CABEZA NEGRA (empaque plástico) x 1000 gr | AI56: Unidad | AJ56: 1 | AK56: 35 | AL56: 9 | AM56: =+S56*0.96 -> 8649.6 | AN56: =AJ56*AL56*AM56*AK56 -> 2724624
B57: 3.1.4.2. | C57: LENTEJA (empaque plástico) x 1000 gr | E57: Unidad | F57: 1 | G57: 35 | H57: 9 | I57: =AVERAGE(S57,AC57,AM57) -> 9752 | J57: =F57*H57*I57*G57 -> 3071880 | L57: 10 | M57: LENTEJA (empaque plástico) x 1000 gr | O57: Unidad | P57: 1 | Q57: 35 | R57: 9 | S57: 9752 | T57: =P57*R57*S57*Q57 -> 3071880 | V57: 10 | W57: LENTEJA (empaque plástico) x 1000 gr | Y57: Unidad | Z57: 1 | AA57: 35 | AB57: 9 | AC57: =S57*1.04 -> 10142.08 | AD57: =Z57*AB57*AC57*AA57 -> 3194755.2 | AF57: 10 | AG57: LENTEJA (empaque plástico) x 1000 gr | AI57: Unidad | AJ57: 1 | AK57: 35 | AL57: 9 | AM57: =+S57*0.96 -> 9361.92 | AN57: =AJ57*AL57*AM57*AK57 -> 2949004.8
B58: 3.1.4.1. | C58: SARDINA ( lata abre facil) x 415 gr | E58: Unidad | F58: 4 | G58: 35 | H58: 9 | I58: =AVERAGE(S58,AC58,AM58) -> 14416 | J58: =F58*H58*I58*G58 -> 18164160 | L58: 11 | M58: SARDINA ( lata abre facil) x 415 gr | O58: Unidad | P58: 4 | Q58: 35 | R58: 9 | S58: 14416 | T58: =P58*R58*S58*Q58 -> 18164160 | V58: 11 | W58: SARDINA ( lata abre facil) x 415 gr | Y58: Unidad | Z58: 4 | AA58: 35 | AB58: 9 | AC58: =S58*1.04 -> 14992.64 | AD58: =Z58*AB58*AC58*AA58 -> 18890726 | AF58: 11 | AG58: SARDINA ( lata abre facil) x 415 gr | AI58: Unidad | AJ58: 4 | AK58: 35 | AL58: 9 | AM58: =+S58*0.96 -> 13839.36 | AN58: =AJ58*AL58*AM58*AK58 -> 17437594
B59: 3.1.4.2. | C59: PASTA TIPO ESPAGUETTI ( empaque plástico) x 1000 gr | E59: Unidad | F59: 1 | G59: 35 | H59: 9 | I59: =AVERAGE(S59,AC59,AM59) -> 10388 | J59: =F59*H59*I59*G59 -> 3272220 | L59: 12 | M59: PASTA TIPO ESPAGUETTI ( empaque plástico) x 1000 gr | O59: Unidad | P59: 1 | Q59: 35 | R59: 9 | S59: 10388 | T59: =P59*R59*S59*Q59 -> 3272220 | V59: 12 | W59: PASTA TIPO ESPAGUETTI ( empaque plástico) x 1000 gr | Y59: Unidad | Z59: 1 | AA59: 35 | AB59: 9 | AC59: =S59*1.04 -> 10803.52 | AD59: =Z59*AB59*AC59*AA59 -> 3403108.8 | AF59: 12 | AG59: PASTA TIPO ESPAGUETTI ( empaque plástico) x 1000 gr | AI59: Unidad | AJ59: 1 | AK59: 35 | AL59: 9 | AM59: =+S59*0.96 -> 9972.48 | AN59: =AJ59*AL59*AM59*AK59 -> 3141331.2
... B67: 3.1.4.2. | C67: MERIENDAS EN ENTREGADAS DE KITS: Panecillo ó Pastelito Relleno con Proteina Animal u Otra Similar, Preparado con Harina de Trigo ó Maiz, Bebida Envasada de 250 ML y Fruta. | E67: Unidad | F67: 1 | G67: 35 | H67: 9 | I67: =AVERAGE(S67,AC67,AM67) -> 7208 | J67: =F67*H67*I67*G67 -> 2270520 | L67: 20 | M67: MERIENDAS EN ENTREGADAS DE KITS: Panecillo ó Pastelito Relleno con Proteina Animal u Otra Similar, Preparado con Harina de Trigo ó Maiz, Bebida Envasada de 250 ML y Fruta. | O67: Unidad | P67: 1 | Q67: 35 | R67: 9 | S67: 7208 | T67: =P67*R67*S67*Q67 -> 2270520 | V67: 20 | W67: MERIENDAS EN ENTREGADAS DE KITS: Panecillo ó Pastelito Relleno con Proteina Animal u Otra Similar, Preparado con Harina de Trigo ó Maiz, Bebida Envasada de 250 ML y Fruta. | Y67: Unidad | Z67: 1 | AA67: 35 | AB67: 9 | AC67: =S67*1.04 -> 7496.32 | AD67: =Z67*AB67*AC67*AA67 -> 2361340.8 | AF67: 20 | AG67: MERIENDAS EN ENTREGADAS DE KITS: Panecillo ó Pastelito Relleno con Proteina Animal u Otra Similar, Preparado con Harina de Trigo ó Maiz, Bebida Envasada de 250 ML y Fruta. | AI67: Unidad | AJ67: 1 | AK67: 35 | AL67: 9 | AM67: =+S67*0.96 -> 6919.68 | AN67: =AJ67*AL67*AM67*AK67 -> 2179699.2
B68: SUBTOTAL KITS NUTRICIONALES ENTREGADOS | J68: =SUM(J48:J67) -> 185448060 | L68: VALOR COTIZACION | T68: =SUM(T48:T67) -> 185448060 | V68: VALOR COTIZACION | AD68: =SUM(AD48:AD67) -> 1.9286598e+08 | AF68: VALOR COTIZACION | AN68: =SUM(AN48:AN67) -> 1.7803014e+08
B70: TOTAL NUTRICIONAL Y CARDIOVASCULAR | J70: =J68+J44+J35 -> 500094360
B71: 3.2 | C71: SUBPROGRAMA SALUD MENTAL E HIGIENE PERSONAL
B72: 3.2.1. | C72: PRESTACIÓN DE SERVICIOS DE PELUQUERÍA, DOTACIONES, LOGISTICA, KITS DE ASEO Y ELEMENTOS UTILIZADOS EN EL DESARROLLO DEL PROYECTO | M72: COTIZACION 1: | W72: =+W46 -> COTIZACION 2 | AG72: =+AG46 -> COTIZACION 3
B73: ITEM | C73: ESPECIFICACIÓN | E73: UNIDAD DE MEDIDA. | F73: No. | G73: CANTIDAD | I73: VALOR UNITARIO | J73: VALOR TOTAL | L73: ITEM | M73: ESPECIFICACIÓN | O73: UNIDAD DE MEDIDA. | P73: No. | Q73: CANTIDAD | S73: VALOR UNITARIO | T73: VALOR TOTAL | V73: ITEM | W73: ESPECIFICACIÓN | Y73: UNIDAD DE MEDIDA. | Z73: No. | AA73: CANTIDAD | AC73: VALOR UNITARIO | AD73: VALOR TOTAL | AF73: ITEM | AG73: ESPECIFICACIÓN | AI73: UNIDAD DE MEDIDA. | AJ73: No. | AK73: CANTIDAD | AM73: VALOR UNITARIO | AN73: VALOR TOTAL
B74: 3.2.1.1 | C74: Prestación de servicio de corte, tinturado de cabello para los adultos mayores del Centro del Adulto Mayor | E74: Mes | F74: 7 | G74: 55 | I74: =AVERAGE(S74,AC74,AM74) -> 26500 | J74: =I74*G74*F74 -> 10202500 | L74: 1 | M74: Prestación de servicio de corte, tinturado de cabello para los adultos mayores del Centro del Adulto Mayor | O74: Mes | P74: 7 | Q74: 55 | S74: 26500 | T74: =S74*Q74*P74 -> 10202500 | V74: 1 | W74: Prestación de servicio de corte, tinturado de cabello para los adultos mayores del Centro del Adulto Mayor | Y74: Mes | Z74: 7 | AA74: 55 | AC74: =S74*1.04 -> 27560 | AD74: =AC74*AA74*Z74 -> 10610600 | AF74: 1 | AG74: Prestación de servicio de corte, tinturado de cabello para los adultos mayores del Centro del Adulto Mayor | AI74: Mes | AJ74: 7 | AK74: 55 | AM74: =S74*0.96 -> 25440 | AN74: =AM74*AK74*AJ74 -> 9794400
C75: SUBTOTAL SERVICIO DE PELUQUERÍA | J75: =SUM(J74:J74) -> 10202500 | M75: TOTAL COTIZACION | T75: =SUM(T74:T74) -> 10202500 | W75: TOTAL COTIZACION | AD75: =SUM(AD74:AD74) -> 10610600 | AG75: TOTAL COTIZACION | AN75: =SUM(AN74:AN74) -> 9794400
B77: 3.2.2 | C77: DOTACIONES PARA LOS ADULTOS MAYORES | M77: COTIZACION 1: PROVEDURIA & LOGISTICA TOTAL | W77: =+W72 -> COTIZACION 2 | AG77: =+AG72 -> COTIZACION 3
B78: 3.2.2.1 | C78: CARNETIZACION ( Carnet Plastificado con su Escarapela y Cordón ) | E78: Unidad | F78: 1 | G78: 55 | I78: =AVERAGE(S78,AC78,AM78) -> 26500 | J78: =I78*G78*F78 -> 1457500 | L78: 1 | M78: CARNETIZACION ( Carnet Plastificado con su Escarapela y Cordón ) | O78: Unidad | P78: 1 | Q78: 55 | S78: 26500 | T78: =S78*Q78*P78 -> 1457500 | V78: 1 | W78: CARNETIZACION ( Carnet Plastificado con su Escarapela y Cordón ) | Y78: Unidad | Z78: 1 | AA78: 55 | AC78: =S78*1.04 -> 27560 | AD78: =AC78*AA78*Z78 -> 1515800 | AF78: 1 | AG78: CARNETIZACION ( Carnet Plastificado con su Escarapela y Cordón ) | AI78: Unidad | AJ78: 1 | AK78: 55 | AM78: =S78*0.96 -> 25440 | AN78: =AM78*AK78*AJ78 -> 1399200
B79: 3.2.2.2 | C79: SUETERES TIPO POLO BORDADO CON LOGO INSTITUCIONAL Y DEL PROYECTO PARA LOS BENEFICIADOS DEL PROYECTO Y EL PERSONAL DE TRABAJO | E79: Unidad | F79: 3 | G79: 55 | I79: =AVERAGE(S79,AC79,AM79) -> 42400 | J79: =I79*G79*F79 -> 6996000 | L79: 2 | M79: SUETERES TIPO POLO BORDADO CON LOGO INSTITUCIONAL Y DEL PROYECTO PARA LOS BENEFICIADOS DEL PROYECTO Y EL PERSONAL DE TRABAJO | O79: Unidad | P79: 3 | Q79: 55 | S79: 42400 | T79: =S79*Q79*P79 -> 6996000 | V79: 2 | W79: SUETERES TIPO POLO BORDADO CON LOGO INSTITUCIONAL Y DEL PROYECTO PARA LOS BENEFICIADOS DEL PROYECTO Y EL PERSONAL DE TRABAJO | Y79: Unidad | Z79: 3 | AA79: 55 | AC79: =S79*1.04 -> 44096 | AD79: =AC79*AA79*Z79 -> 7275840 | AF79: 2 | AG79: SUETERES TIPO POLO BORDADO CON LOGO INSTITUCIONAL Y DEL PROYECTO PARA LOS BENEFICIADOS DEL PROYECTO Y EL PERSONAL DE TRABAJO | AI79: Unidad | AJ79: 3 | AK79: 55 | AM79: =S79*0.96 -> 40704 | AN79: =AM79*AK79*AJ79 -> 6716160
B80: 3.2.2.3 | C80: GORRAS BORDADA CON LOGO DEL PROYECTO. | E80: Unidad | F80: 1 | G80: 55 | I80: =AVERAGE(S80,AC80,AM80) -> 31800 | J80: =I80*G80*F80 -> 1749000 | L80: 3 | M80: GORRAS BORDADA CON LOGO DEL PROYECTO. | O80: Unidad | P80: 1 | Q80: 55 | S80: 31800 | T80: =S80*Q80*P80 -> 1749000 | V80: 3 | W80: GORRAS BORDADA CON LOGO DEL PROYECTO. | Y80: Unidad | Z80: 1 | AA80: 55 | AC80: =S80*1.04 -> 33072 | AD80: =AC80*AA80*Z80 -> 1818960 | AF80: 3 | AG80: GORRAS BORDADA CON LOGO DEL PROYECTO. | AI80: Unidad | AJ80: 1 | AK80: 55 | AM80: =S80*0.96 -> 30528 | AN80: =AM80*AK80*AJ80 -> 1679040
B81: 3.2.2.4 | C81: SUDADERAS COMPLETAS : Pantalón Poliester, Camiseta tipo polo bordada en algodón, Gorra bordada, Medias y Zapatos. | E81: Unidad | F81: 1 | G81: 55 | I81: =AVERAGE(S81,AC81,AM81) -> 307400 | J81: =I81*G81*F81 -> 16907000 | L81: 4 | M81: SUDADERAS COMPLETAS : Pantalón Poliester, Camiseta tipo polo bordada en algodón, Gorra bordada, Medias y Zapatos. | O81: Unidad | P81: 1 | Q81: 55 | S81: 307400 | T81: =S81*Q81*P81 -> 16907000 | V81: 4 | W81: SUDADERAS COMPLETAS : Pantalón Poliester, Camiseta tipo polo bordada en algodón, Gorra bordada, Medias y Zapatos. | Y81: Unidad | Z81: 1 | AA81: 55 | AC81: =S81*1.04 -> 319696 | AD81: =AC81*AA81*Z81 -> 17583280 | AF81: 4 | AG81: SUDADERAS COMPLETAS : Pantalón Poliester, Camiseta tipo polo bordada en algodón, Gorra bordada, Medias y Zapatos. | AI81: Unidad | AJ81: 1 | AK81: 55 | AM81: =S81*0.96 -> 295104 | AN81: =AM81*AK81*AJ81 -> 16230720
C82: SUBTOTAL DOTACIÓN PARA LOSADULTOS MAYORES | J82: =SUM(J78:J81) -> 27109500 | M82: VALOR COTIZACION | T82: =SUM(T78:T81) -> 27109500 | W82: VALOR COTIZACION | AD82: =SUM(AD78:AD81) -> 28193880 | AG82: VALOR COTIZACION | AN82: =SUM(AN78:AN81) -> 26025120
B84: SUBTOTAL SERVICIO DE PELUQUERÍA Y DOTACIONES EN EL DESARROLLO DEL PROYECTO | J84: =J75+J82 -> 37312000
B85: 3.2.2. | C85: KITS ASEO E HIGIENE PERSONAL | M85: =+M77 -> COTIZACION 1: PROVEDURIA & LOGISTICA TOTAL | W85: =+W77 -> COTIZACION 2 | AG85: =+AG77 -> COTIZACION 3
B86: ITEM | C86: ESPECIFICACIÓN | E86: UNIDAD DE MEDIDA. | F86: NUMERO DE PRODUCTOS A ENTREGAR POR BENEFICIARIO | G86: BENEFICIARIOS | H86: MESES | I86: VALOR UNITARIO | J86: VALOR TOTAL | L86: ITEM | M86: ESPECIFICACIÓN | O86: UNIDAD DE MEDIDA. | P86: NUMERO DE PRODUCTOS A ENTREGAR POR BENEFICIARIO | Q86: BENEFICIARIOS | R86: MESES | S86: VALOR UNITARIO | T86: VALOR TOTAL | V86: ITEM | W86: ESPECIFICACIÓN | Y86: UNIDAD DE MEDIDA. | Z86: NUMERO DE PRODUCTOS A ENTREGAR POR BENEFICIARIO | AA86: BENEFICIARIOS | AB86: MESES | AC86: VALOR UNITARIO | AD86: VALOR TOTAL | AF86: ITEM | AG86: ESPECIFICACIÓN | AI86: UNIDAD DE MEDIDA. | AJ86: NUMERO DE PRODUCTOS A ENTREGAR POR BENEFICIARIO | AK86: BENEFICIARIOS | AL86: MESES | AM86: VALOR UNITARIO | AN86: VALOR TOTAL
B87: 3.2.2.1. | C87: KITS ASEO E HIGIENE PERSONAL | D87: SHAMPOO ( empaque plástico) x 300 Ml | E87: Unidad | F87: 2 | G87: 55 | H87: 9 | I87: =AVERAGE(S87,AC87,AM87) -> 18444 | J87: =I87*H87*F87*G87 -> 18259560 | L87: 1 | M87: KITS ASEO E HIGIENE PERSONAL | N87: SHAMPOO ( empaque plástico) x 300 Ml | O87: Unidad | P87: 2 | Q87: 55 | R87: 9 | S87: 18444 | T87: =S87*R87*P87*Q87 -> 18259560 | V87: 1 | W87: KITS ASEO E HIGIENE PERSONAL | X87: SHAMPOO ( empaque plástico) x 300 Ml | Y87: Unidad | Z87: 2 | AA87: 55 | AB87: 9 | AC87: =S87*1.04 -> 19181.76 | AD87: =AC87*AB87*Z87*AA87 -> 18989942 | AF87: 1 | AG87: KITS ASEO E HIGIENE PERSONAL | AH87: SHAMPOO ( empaque plástico) x 300 Ml | AI87: Unidad | AJ87: 2 | AK87: 55 | AL87: 9 | AM87: =+S87*0.96 -> 17706.24 | AN87: =AM87*AL87*AJ87*AK87 -> 17529178
D88: ACONDICIONADOR ( empaque plástico) x 300 Ml | E88: Unidad | F88: 2 | G88: 55 | H88: 9 | I88: =AVERAGE(S88,AC88,AM88) -> 19080 | J88: =I88*H88*F88*G88 -> 18889200 | N88: ACONDICIONADOR ( empaque plástico) x 300 Ml | O88: Unidad | P88: 2 | Q88: 55 | R88: 9 | S88: 19080 | T88: =S88*R88*P88*Q88 -> 18889200 | X88: ACONDICIONADOR ( empaque plástico) x 300 Ml | Y88: Unidad | Z88: 2 | AA88: 55 | AB88: 9 | AC88: =S88*1.04 -> 19843.2 | AD88: =AC88*AB88*Z88*AA88 -> 19644768 | AH88: ACONDICIONADOR ( empaque plástico) x 300 Ml | AI88: Unidad | AJ88: 2 | AK88: 55 | AL88: 9 | AM88: =+S88*0.96 -> 18316.8 | AN88: =AM88*AL88*AJ88*AK88 -> 18133632
D89: CREMA DENTAL (empaque en caja) x 70 gr | E89: Unidad | F89: 2 | G89: 55 | H89: 9 | I89: =AVERAGE(S89,AC89,AM89) -> 10070 | J89: =I89*H89*F89*G89 -> 9969300 | N89: CREMA DENTAL (empaque en caja) x 70 gr | O89: Unidad | P89: 2 | Q89: 55 | R89: 9 | S89: 10070 | T89: =S89*R89*P89*Q89 -> 9969300 | X89: CREMA DENTAL (empaque en caja) x 70 gr | Y89: Unidad | Z89: 2 | AA89: 55 | AB89: 9 | AC89: =S89*1.04 -> 10472.8 | AD89: =AC89*AB89*Z89*AA89 -> 10368072 | AH89: CREMA DENTAL (empaque en caja) x 70 gr | AI89: Unidad | AJ89: 2 | AK89: 55 | AL89: 9 | AM89: =+S89*0.96 -> 9667.2 | AN89: =AM89*AL89*AJ89*AK89 -> 9570528
D90: CEPILLO DE DIENTES (cerda suave para adultos) | E90: Unidad | F90: 1 | G90: 55 | H90: 9 | I90: =AVERAGE(S90,AC90,AM90) -> 8480 | J90: =I90*H90*F90*G90 -> 4197600 | N90: CEPILLO DE DIENTES (cerda suave para adultos) | O90: Unidad | P90: 1 | Q90: 55 | R90: 9 | S90: 8480 | T90: =S90*R90*P90*Q90 -> 4197600 | X90: CEPILLO DE DIENTES (cerda suave para adultos) | Y90: Unidad | Z90: 1 | AA90: 55 | AB90: 9 | AC90: =S90*1.04 -> 8819.2 | AD90: =AC90*AB90*Z90*AA90 -> 4365504 | AH90: CEPILLO DE DIENTES (cerda suave para adultos) | AI90: Unidad | AJ90: 1 | AK90: 55 | AL90: 9 | AM90: =+S90*0.96 -> 8140.8 | AN90: =AM90*AL90*AJ90*AK90 -> 4029696
D91: DESODORANTE EN ROLON ( empaque plástico) x 50 gr | E91: Unidad | F91: 1 | G91: 55 | H91: 9 | I91: =AVERAGE(S91,AC91,AM91) -> 13780 | J91: =I91*H91*F91*G91 -> 6821100 | N91: DESODORANTE EN ROLON ( empaque plástico) x 50 gr | O91: Unidad | P91: 1 | Q91: 55 | R91: 9 | S91: 13780 | T91: =S91*R91*P91*Q91 -> 6821100 | X91: DESODORANTE EN ROLON ( empaque plástico) x 50 gr | Y91: Unidad | Z91: 1 | AA91: 55 | AB91: 9 | AC91: =S91*1.04 -> 14331.2 | AD91: =AC91*AB91*Z91*AA91 -> 7093944 | AH91: DESODORANTE EN ROLON ( empaque plástico) x 50 gr | AI91: Unidad | AJ91: 1 | AK91: 55 | AL91: 9 | AM91: =+S91*0.96 -> 13228.8 | AN91: =AM91*AL91*AJ91*AK91 -> 6548256
D92: ENJUAGUE BUCAL: 400 ml | E92: Unidad | F92: 2 | G92: 55 | H92: 9 | I92: =AVERAGE(S92,AC92,AM92) -> 12720 | J92: =I92*H92*F92*G92 -> 12592800 | N92: ENJUAGUE BUCAL: 400 ml | O92: Unidad | P92: 2 | Q92: 55 | R92: 9 | S92: 12720 | T92: =S92*R92*P92*Q92 -> 12592800 | X92: ENJUAGUE BUCAL: 400 ml | Y92: Unidad | Z92: 2 | AA92: 55 | AB92: 9 | AC92: =S92*1.04 -> 13228.8 | AD92: =AC92*AB92*Z92*AA92 -> 13096512 | AH92: ENJUAGUE BUCAL: 400 ml | AI92: Unidad | AJ92: 2 | AK92: 55 | AL92: 9 | AM92: =+S92*0.96 -> 12211.2 | AN92: =AM92*AL92*AJ92*AK92 -> 12089088
D93: JABONERA | E93: Unidad | F93: 1 | G93: 55 | H93: 1 | I93: =AVERAGE(S93,AC93,AM93) -> 13780 | J93: =I93*H93*F93*G93 -> 757900 | N93: JABONERA | O93: Unidad | P93: 1 | Q93: 55 | R93: 1 | S93: 13780 | T93: =S93*R93*P93*Q93 -> 757900 | X93: JABONERA | Y93: Unidad | Z93: 1 | AA93: 55 | AB93: 1 | AC93: =S93*1.04 -> 14331.2 | AD93: =AC93*AB93*Z93*AA93 -> 788216 | AH93: JABONERA | AI93: Unidad | AJ93: 1 | AK93: 55 | AL93: 1 | AM93: =+S93*0.96 -> 13228.8 | AN93: =AM93*AL93*AJ93*AK93 -> 727584
D94: JABON DE BAÑO ( empaque plástico ) x 120 gr | E94: Unidad | F94: 4 | G94: 55 | H94: 9 | I94: =AVERAGE(S94,AC94,AM94) -> 2756 | J94: =I94*H94*F94*G94 -> 5456880 | N94: JABON DE BAÑO ( empaque plástico ) x 120 gr | O94: Unidad | P94: 4 | Q94: 55 | R94: 9 | S94: 2756 | T94: =S94*R94*P94*Q94 -> 5456880 | X94: JABON DE BAÑO ( empaque plástico ) x 120 gr | Y94: Unidad | Z94: 4 | AA94: 55 | AB94: 9 | AC94: =S94*1.04 -> 2866.24 | AD94: =AC94*AB94*Z94*AA94 -> 5675155.2 | AH94: JABON DE BAÑO ( empaque plástico ) x 120 gr | AI94: Unidad | AJ94: 4 | AK94: 55 | AL94: 9 | AM94: =+S94*0.96 -> 2645.76 | AN94: =AM94*AL94*AJ94*AK94 -> 5238604.8
D95: JABON LIQUIDO ANTIBACTERIAL x 1000 ml | E95: Unidad | F95: 1 | G95: 55 | H95: 4 | I95: =AVERAGE(S95,AC95,AM95) -> 16960 | J95: =I95*H95*F95*G95 -> 3731200 | N95: JABON LIQUIDO ANTIBACTERIAL x 1000 ml | O95: Unidad | P95: 1 | Q95: 55 | R95: 4 | S95: 16960 | T95: =S95*R95*P95*Q95 -> 3731200 | X95: JABON LIQUIDO ANTIBACTERIAL x 1000 ml | Y95: Unidad | Z95: 1 | AA95: 55 | AB95: 4 | AC95: =S95*1.04 -> 17638.4 | AD95: =AC95*AB95*Z95*AA95 -> 3880448 | AH95: JABON LIQUIDO ANTIBACTERIAL x 1000 ml | AI95: Unidad | AJ95: 1 | AK95: 55 | AL95: 4 | AM95: =+S95*0.96 -> 16281.6 | AN95: =AM95*AL95*AJ95*AK95 -> 3581952
D96: ESPUMA PARA AFEITAR: 400 ML | E96: Unidad | F96: 1 | G96: 55 | H96: 4 | I96: =AVERAGE(S96,AC96,AM96) -> 16430 | J96: =I96*H96*F96*G96 -> 3614600 | N96: ESPUMA PARA AFEITAR: 400 ML | O96: Unidad | P96: 1 | Q96: 55 | R96: 4 | S96: 16430 | T96: =S96*R96*P96*Q96 -> 3614600 | X96: ESPUMA PARA AFEITAR: 400 ML | Y96: Unidad | Z96: 1 | AA96: 55 | AB96: 4 | AC96: =S96*1.04 -> 17087.2 | AD96: =AC96*AB96*Z96*AA96 -> 3759184 | AH96: ESPUMA PARA AFEITAR: 400 ML | AI96: Unidad | AJ96: 1 | AK96: 55 | AL96: 4 | AM96: =+S96*0.96 -> 15772.8 | AN96: =AM96*AL96*AJ96*AK96 -> 3470016
D97: PRESTOBARBAS | E97: Unidad | F97: 2 | G97: 55 | H97: 9 | I97: =AVERAGE(S97,AC97,AM97) -> 9540 | J97: =I97*H97*F97*G97 -> 9444600 | N97: PRESTOBARBAS | O97: Unidad | P97: 2 | Q97: 55 | R97: 9 | S97: 9540 | T97: =S97*R97*P97*Q97 -> 9444600 | X97: PRESTOBARBAS | Y97: Unidad | Z97: 2 | AA97: 55 | AB97: 9 | AC97: =S97*1.04 -> 9921.6 | AD97: =AC97*AB97*Z97*AA97 -> 9822384 | AH97: PRESTOBARBAS | AI97: Unidad | AJ97: 2 | AK97: 55 | AL97: 9 | AM97: =+S97*0.96 -> 9158.4 | AN97: =AM97*AL97*AJ97*AK97 -> 9066816
D98: COPITOS: x 150 Unds | E98: Unidad | F98: 1 | G98: 55 | H98: 4 | I98: =AVERAGE(S98,AC98,AM98) -> 19080 | J98: =I98*H98*F98*G98 -> 4197600 | N98: COPITOS: x 150 Unds | O98: Unidad | P98: 1 | Q98: 55 | R98: 4 | S98: 19080 | T98: =S98*R98*P98*Q98 -> 4197600 | X98: COPITOS: x 150 Unds | Y98: Unidad | Z98: 1 | AA98: 55 | AB98: 4 | AC98: =S98*1.04 -> 19843.2 | AD98: =AC98*AB98*Z98*AA98 -> 4365504 | AH98: COPITOS: x 150 Unds | AI98: Unidad | AJ98: 1 | AK98: 55 | AL98: 4 | AM98: =+S98*0.96 -> 18316.8 | AN98: =AM98*AL98*AJ98*AK98 -> 4029696
D99: COLONIA | E99: Unidad | F99: 1 | G99: 55 | H99: 9 | I99: =AVERAGE(S99,AC99,AM99) -> 26500 | J99: =I99*H99*F99*G99 -> 13117500 | N99: COLONIA | O99: Unidad | P99: 1 | Q99: 55 | R99: 9 | S99: 26500 | T99: =S99*R99*P99*Q99 -> 13117500 | X99: COLONIA | Y99: Unidad | Z99: 1 | AA99: 55 | AB99: 9 | AC99: =S99*1.04 -> 27560 | AD99: =AC99*AB99*Z99*AA99 -> 13642200 | AH99: COLONIA | AI99: Unidad | AJ99: 1 | AK99: 55 | AL99: 9 | AM99: =+S99*0.96 -> 25440 | AN99: =AM99*AL99*AJ99*AK99 -> 12592800
... D106: CREMA ANTIPALITIS # 4 X 110 Gr | E106: Unidad | F106: 2 | G106: 55 | H106: 9 | I106: =AVERAGE(S106,AC106,AM106) -> 38160 | J106: =I106*H106*F106*G106 -> 37778400 | N106: CREMA ANTIPALITIS # 4 X 110 Gr | O106: Unidad | P106: 2 | Q106: 55 | R106: 9 | S106: 38160 | T106: =S106*R106*P106*Q106 -> 37778400 | X106: CREMA ANTIPALITIS # 4 X 110 Gr | Y106: Unidad | Z106: 2 | AA106: 55 | AB106: 9 | AC106: =S106*1.04 -> 39686.4 | AD106: =AC106*AB106*Z106*AA106 -> 39289536 | AH106: CREMA ANTIPALITIS # 4 X 110 Gr | AI106: Unidad | AJ106: 2 | AK106: 55 | AL106: 9 | AM106: =+S106*0.96 -> 36633.6 | AN106: =AM106*AL106*AJ106*AK106 -> 36267264
D107: TOALLA FACIAL | E107: Unidad | F107: 1 | G107: 55 | H107: 9 | I107: =AVERAGE(S107,AC107,AM107) -> 8480 | J107: =G107*H107*I107 -> 4197600 | N107: TOALLA FACIAL | O107: Unidad | P107: 1 | Q107: 55 | R107: 9 | S107: 8480 | T107: =Q107*R107*S107 -> 4197600 | X107: TOALLA FACIAL | Y107: Unidad | Z107: 1 | AA107: 55 | AB107: 9 | AC107: =S107*1.04 -> 8819.2 | AD107: =AA107*AB107*AC107 -> 4365504 | AH107: TOALLA FACIAL | AI107: Unidad | AJ107: 1 | AK107: 55 | AL107: 9 | AM107: =+S107*0.96 -> 8140.8 | AN107: =AK107*AL107*AM107 -> 4029696
D108: SUBTOTAL KITS DE ASEO E HIGIENE PERSONAL | J108: =SUM(J87:J107) -> 186819435 | N108: TOTAL COTIZACION | T108: =SUM(T87:T107) -> 186819435 | X108: TOTAL COTIZACION | AD108: =SUM(AD87:AD107) -> 1.9429221e+08 | AH108: TOTAL COTIZACION | AN108: =SUM(AN87:AN107) -> 1.7934666e+08
B110: TOTAL SUBPROGRAMA SALUD MENTAL E HIGIENE PERSONAL | J110: =J108+J84 -> 224131435
B111: 3.3. | C111: SUBPROGRAMA EDUCACION Y PRODUCTIVIDAD | M111: =+M85 -> COTIZACION 1: PROVEDURIA & LOGISTICA TOTAL | W111: =+W85 -> COTIZACION 2 | AG111: =+AG85 -> COTIZACION 3
B112: ITEM | C112: ESPECIFICACIÓN | E112: UNIDAD DE MEDIDA. | F112: No. | H112: TIEMPO DE EJECUCIÓN | I112: VALOR UNITARIO | J112: VALOR TOTAL | L112: ITEM | M112: ESPECIFICACIÓN | O112: UNIDAD DE MEDIDA. | P112: No. | R112: TIEMPO DE EJECUCIÓN | S112: VALOR UNITARIO | T112: VALOR TOTAL | V112: ITEM | W112: ESPECIFICACIÓN | Y112: UNIDAD DE MEDIDA. | Z112: No. | AB112: TIEMPO DE EJECUCIÓN | AC112: VALOR UNITARIO | AD112: VALOR TOTAL | AF112: ITEM | AG112: ESPECIFICACIÓN | AI112: UNIDAD DE MEDIDA. | AJ112: No. | AL112: TIEMPO DE EJECUCIÓN | AM112: VALOR UNITARIO | AN112: VALOR TOTAL
B113: 3.3.1. | C113: INSTRUCTOR PEDAGOGICO | E113: Unidad | F113: 1 | H113: 9 | I113: =AVERAGE(S113,AC113,AM113) -> 1423500 | J113: =I113*H113*F113 -> 12811500 | L113: 1 | M113: INSTRUCTOR PEDAGOGICO | O113: Unidad | P113: 1 | R113: 9 | S113: 1423500 | T113: =S113*R113*P113 -> 12811500 | V113: 1 | W113: INSTRUCTOR PEDAGOGICO | Y113: Unidad | Z113: 1 | AB113: 9 | AC113: 1423500 | AD113: =AC113*AB113*Z113 -> 12811500 | AF113: 1 | AG113: INSTRUCTOR PEDAGOGICO | AI113: Unidad | AJ113: 1 | AL113: 9 | AM113: 1423500 | AN113: =AM113*AL113*AJ113 -> 12811500
B114: 3.3.2. | C114: ORGANIZADOR PARA BAÑOS | D114: TELA, GUATA, AGUJA , HILO, ENCAJE, DECORATIVOS | E114: Unidad | F114: 55 | H114: 9 | I114: =AVERAGE(S114,AC114,AM114) -> 45421 | J114: =I114*H114*F114 -> 22483395 | L114: 2 | M114: ORGANIZADOR PARA BAÑOS | N114: TELA, GUATA, AGUJA , HILO, ENCAJE, DECORATIVOS | O114: Unidad | P114: 55 | R114: 9 | S114: 45421 | T114: =S114*R114*P114 -> 22483395 | V114: 2 | W114: ORGANIZADOR PARA BAÑOS | X114: TELA, GUATA, AGUJA , HILO, ENCAJE, DECORATIVOS | Y114: Unidad | Z114: 55 | AB114: 9 | AC114: =S114*1.04 -> 47237.84 | AD114: =AC114*AB114*Z114 -> 23382731 | AF114: 2 | AG114: ORGANIZADOR PARA BAÑOS | AH114: TELA, GUATA, AGUJA , HILO, ENCAJE, DECORATIVOS | AI114: Unidad | AJ114: 55 | AL114: 9 | AM114: =+S114*0.96 -> 43604.16 | AN114: =AM114*AL114*AJ114 -> 21584059
B115: 3.3.3. | C115: PORTA ACEITERA Y FOSFORERA | D115: TELA, GUATA, FIELTRO, MOLDE, ENCAJE, TIJERAS, SILICONA CALIENTE, PIEDRITAS DECORATIVAS, LISTÓN | E115: Unidad | F115: 55 | H115: 9 | I115: =AVERAGE(S115,AC115,AM115) -> 45421 | J115: =I115*H115*F115 -> 22483395 | L115: 3 | M115: PORTA ACEITERA Y FOSFORERA | N115: TELA, GUATA, FIELTRO, MOLDE, ENCAJE, TIJERAS, SILICONA CALIENTE, PIEDRITAS DECORATIVAS, LISTÓN | O115: Unidad | P115: 55 | R115: 9 | S115: 45421 | T115: =S115*R115*P115 -> 22483395 | V115: 3 | W115: PORTA ACEITERA Y FOSFORERA | X115: TELA, GUATA, FIELTRO, MOLDE, ENCAJE, TIJERAS, SILICONA CALIENTE, PIEDRITAS DECORATIVAS, LISTÓN | Y115: Unidad | Z115: 55 | AB115: 9 | AC115: =S115*1.04 -> 47237.84 | AD115: =AC115*AB115*Z115 -> 23382731 | AF115: 3 | AG115: PORTA ACEITERA Y FOSFORERA | AH115: TELA, GUATA, FIELTRO, MOLDE, ENCAJE, TIJERAS, SILICONA CALIENTE, PIEDRITAS DECORATIVAS, LISTÓN | AI115: Unidad | AJ115: 55 | AL115: 9 | AM115: =+S115*0.96 -> 43604.16 | AN115: =AM115*AL115*AJ115 -> 21584059
B116: 3.3.4. | C116: INDIVIDUALES : | D116: ROLLOS DE TRAPITO, MAYA, SILICONA, AGUJA, LANA | E116: Unidad | F116: 55 | H116: 9 | I116: =AVERAGE(S116,AC116,AM116) -> 45421 | J116: =I116*H116*F116 -> 22483395 | L116: 4 | M116: INDIVIDUALES : | N116: ROLLOS DE TRAPITO, MAYA, SILICONA, AGUJA, LANA | O116: Unidad | P116: 55 | R116: 9 | S116: 45421 | T116: =S116*R116*P116 -> 22483395 | V116: 4 | W116: INDIVIDUALES : | X116: ROLLOS DE TRAPITO, MAYA, SILICONA, AGUJA, LANA | Y116: Unidad | Z116: 55 | AB116: 9 | AC116: =S116*1.04 -> 47237.84 | AD116: =AC116*AB116*Z116 -> 23382731 | AF116: 4 | AG116: INDIVIDUALES : | AH116: ROLLOS DE TRAPITO, MAYA, SILICONA, AGUJA, LANA | AI116: Unidad | AJ116: 55 | AL116: 9 | AM116: =+S116*0.96 -> 43604.16 | AN116: =AM116*AL116*AJ116 -> 21584059
B117: 3.3.5. | C117: MOCHILAS | D117: LANA,AGUJAS | E117: Unidad | F117: 55 | H117: 9 | I117: =AVERAGE(S117,AC117,AM117) -> 45421 | J117: =I117*H117*F117 -> 22483395 | L117: 5 | M117: MOCHILAS | N117: LANA,AGUJAS | O117: Unidad | P117: 55 | R117: 9 | S117: 45421 | T117: =S117*R117*P117 -> 22483395 | V117: 5 | W117: MOCHILAS | X117: LANA,AGUJAS | Y117: Unidad | Z117: 55 | AB117: 9 | AC117: =S117*1.04 -> 47237.84 | AD117: =AC117*AB117*Z117 -> 23382731 | AF117: 5 | AG117: MOCHILAS | AH117: LANA,AGUJAS | AI117: Unidad | AJ117: 55 | AL117: 9 | AM117: =+S117*0.96 -> 43604.16 | AN117: =AM117*AL117*AJ117 -> 21584059
B118: 3.3.6. | C118: ALPARGATAS | D118: LANA, AGUJAS, PLANITLLAS, SUELAS, PEGANTE | E118: Unidad | F118: 55 | H118: 9 | I118: =AVERAGE(S118,AC118,AM118) -> 45421 | J118: =I118*H118*F118 -> 22483395 | L118: 6 | M118: ALPARGATAS | N118: LANA, AGUJAS, PLANITLLAS, SUELAS, PEGANTE | O118: Unidad | P118: 55 | R118: 9 | S118: 45421 | T118: =S118*R118*P118 -> 22483395 | V118: 6 | W118: ALPARGATAS | X118: LANA, AGUJAS, PLANITLLAS, SUELAS, PEGANTE | Y118: Unidad | Z118: 55 | AB118: 9 | AC118: =S118*1.04 -> 47237.84 | AD118: =AC118*AB118*Z118 -> 23382731 | AF118: 6 | AG118: ALPARGATAS | AH118: LANA, AGUJAS, PLANITLLAS, SUELAS, PEGANTE | AI118: Unidad | AJ118: 55 | AL118: 9 | AM118: =+S118*0.96 -> 43604.16 | AN118: =AM118*AL118*AJ118 -> 21584059
B119: 3.3.7. | C119: CANASTOS | D119: PAPEL PERIODICO, PEGANTES, BALSO, CARTON | E119: Unidad | F119: 55 | H119: 9 | I119: =AVERAGE(S119,AC119,AM119) -> 45421 | J119: =I119*H119*F119 -> 22483395 | L119: 7 | M119: CANASTOS | N119: PAPEL PERIODICO, PEGANTES, BALSO, CARTON | O119: Unidad | P119: 55 | R119: 9 | S119: 45421 | T119: =S119*R119*P119 -> 22483395 | V119: 7 | W119: CANASTOS | X119: PAPEL PERIODICO, PEGANTES, BALSO, CARTON | Y119: Unidad | Z119: 55 | AB119: 9 | AC119: =S119*1.04 -> 47237.84 | AD119: =AC119*AB119*Z119 -> 23382731 | AF119: 7 | AG119: CANASTOS | AH119: PAPEL PERIODICO, PEGANTES, BALSO, CARTON | AI119: Unidad | AJ119: 55 | AL119: 9 | AM119: =+S119*0.96 -> 43604.16 | AN119: =AM119*AL119*AJ119 -> 21584059
...

Sheet APU Ancheta
C4: ANALISIS DE PRECIOS UNITARIOS ANCHETA CONMEMORACIÓN ADULTO MAYOR
C5: ITEM | D5: DESCRIPCIÓN | E5: UNIDAD DE MEDIDA | F5: CANTIDAD | G5: VALOR UNITARIO | H5: VALOR TOTAL
C6: 1. | D6: ARROZ (empaque plástico) x 1000 gr. | E6: Unidad | F6: 2 | G6: 4950 | H6: =G6*F6 -> 9900
C7: 2. | D7: AZUCAR(empaque plástico) x 1000 gr | E7: Unidad | F7: 1 | G7: 5600 | H7: =G7*F7 -> 5600
C8: 3. | D8: CAFÉ ( empaque carlix plast) 500 gr | E8: Unidad | F8: 1 | G8: 20200 | H8: =G8*F8 -> 20200
C9: 4. | D9: ACEITE ( botella plástica, aceite vegetal de palma comestible) 900 ml | E9: Unidad | F9: 1 | G9: 12500 | H9: =G9*F9 -> 12500
C10: 5. | D10: HARINA DE MAIZ PRECOCIDA (empaque plástico, Maiz blanco extrasuave) x 1000 gr | E10: Unidad | F10: 1 | G10: 5200 | H10: =G10*F10 -> 5200
C11: 6. | D11: AVENA MOLIDA (empaque plástico 100% natural, libre de colesterol) x 1000 gr | E11: Unidad | F11: 1 | G11: 14000 | H11: =G11*F11 -> 14000
C12: 7. | D12: LECHE EN POLVO (empaque carlix plast con vitamina 100% A, 03) x 900 gr | E12: Unidad | F12: 1 | G12: 32600 | H12: =G12*F12 -> 32600
C13: 8. | D13: FRIJOL ROJO (empaque plástico) x 1000 gr | E13: Unidad | F13: 1 | G13: 9800 | H13: =G13*F13 -> 9800
C14: 9. | D14: LENTEJA (empaque plástico) x 1000 gr | E14: Unidad | F14: 1 | G14: 9200 | H14: =G14*F14 -> 9200
C15: 10 | D15: SARDINA ( lata abre facil) x 415 gr | E15: Unidad | F15: 1 | G15: 13600 | H15: =G15*F15 -> 13600
C16: 11. | D16: PASTA TIPO ESPAGUETTI ( empaque plástico) x 1000 gr | E16: Unidad | F16: 1 | G16: 9800 | H16: =G16*F16 -> 9800
C17: 12. | D17: PANELA ( 100% natural, empaque plástico) x 240 gr | E17: Unidad | F17: 1 | G17: 2500 | H17: =G17*F17 -> 2500
C18: 13. | D18: SAL ( empaque plástico) x 500 gr | E18: Unidad | F18: 1 | G18: 1400 | H18: =G18*F18 -> 1400
C19: VALOR TOTAL | H19: =SUM(H6:H18) -> 146300

Sheet 4. ACTIVIDADES DEPORTIVAS
C4: ACOMPAÑAMIENTO EN EL DESARROLLO DEL EVENTO DEPORTIVO, ACTIVIDADES PSICOMOTORAS Y ORIENTACIÓN EN HÁBITOS Y ESTILOS DE VIDA SALUDABLE DIRIGIDO A LOS ADULTOS MAYORES DEL MUNICIPIO DE PUEBLO BELLO CESAR
C8: PRESUPUESTO OFICIAL
C9: ITEM | D9: DESCRIPCION / DETALLE | E9: UNIDAD DE MEDIDA | F9: CANTIDAD | G9: TIEMPO DE EJECUCIÓN (dias) | H9: VALOR UNITARIO | I9: VALOR TOTAL
C10: 1. | D10: TALENTO HUMANO
C11: 1.1 | D11: Coordinador del Proyecto | E11: Unidad | F11: 1 | G11: 3 | H11: 200000 | I11: =H11*F11*G11 -> 600000
C12: 1.2 | D12: Personal apoyo logístico | E12: Unidad | F12: 5 | G12: 3 | H12: 100000 | I12: =H12*F12*G12 -> 1500000
C13: 1.3 | D13: Auxiliar de enfermería | E13: Unidad | F13: 1 | G13: 3 | H13: 130000 | I13: =H13*F13*G13 -> 390000
C14: Subtotal | I14: =SUM(I11:I13) -> 2490000
C15: 2. | D15: INSUMOS
C16: 2.1 | D16: Gorras con logo municipal y del evento | E16: Unidad | F16: 300 | G16: 1 | H16: 25000 | I16: =F16*H16*G16 -> 7500000
C17: 2.2 | D17: Escarapela Con Reata Tipo Documento 13 X 10 Cm para talento humano y apoyo logístico | E17: Unidad | F17: 10 | G17: 1 | H17: 4500 | I17: =F17*H17*G17 -> 45000
C18: 2.3 | D18: Alquiler de sillas plasticas resistentes | E18: Und | F18: 300 | G18: 3 | H18: 800 | I18: =F18*H18*G18 -> 720000
C19: 2.4 | D19: Perifoneo para difusión local (4 horas diarias) | E19: Días | F19: 3 | G19: 1 | H19: 40000 | I19: =F19*H19*G19 -> 120000
C20: 2.5 | D20: Premiación primer puesto (ancheta saludable).SI la persona ganadora no habita en la casa del adulto mayor, la premiación será ancheta con mercado. | E20: Unidad | F20: 1 | G20: 1 | H20: 300000 | I20: =F20*H20*G20 -> 300000
C21: 2.6 | D21: Premiación segundo puesto (ancheta saludable).SI la persona ganadora no habita en la casa del adulto mayor, la premiación será ancheta con mercado. | E21: Unidad | F21: 1 | G21: 1 | H21: 200000 | I21: =F21*H21*G21 -> 200000
C22: 2.7 | D22: Premiación tercer puesto (ancheta saludable).SI la persona ganadora no habita en la casa del adulto mayor, la premiación será ancheta con mercado. | E22: Unidad | F22: 1 | G22: 1 | H22: 100000 | I22: =F22*H22*G22 -> 100000
C23: 2.8 | D23: Dorsales para carreras adhesiva en Pretex 120g. Impresos y personalizados al 100% a todo color con diseño alusivo al evento. Tamaño: 21 x 15cm. | E23: Unidad | F23: 100 | G23: 1 | H23: 8000 | I23: =F23*H23*G23 -> 800000
C24: 2.9 | D24: Pendones (Tamaño 1x2 Metros, Full Color En Vinilo De 200 Grs) alusivo al evento | E24: Unidad | F24: 1 | G24: 1 | H24: 155000 | I24: =F24*H24*G24 -> 155000
C25: 2.10 | D25: Ayuda audiovisual sonido tipo convencional, video beam | E25: Unidad | F25: 1 | G25: 1 | H25: 257500 | I25: =F25*H25*G25 -> 257500
C26: 2.11 | D26: Botiquín De Primeros Auxilios | E26: Unidad | F26: 1 | G26: 1 | H26: 50000 | I26: =F26*H26*G26 -> 50000
C27: Subtotal | I27: =SUM(I16:I26) -> 10247500
C28: 3 | D28: HABITOS Y VIDA SALUDABLE
C29: 3.1 | D29: Charla por parte del Instructor sobre la importancia del habito del ejercicio adecuado y alimentación saludable | E29: Und | F29: 1 | G29: 1 | H29: 180000 | I29: =F29*H29*G29 -> 180000
C30: 3.2 | D30: Ensalada de frutas | E30: Unidad | F30: 300 | G30: 1 | H30: 19500 | I30: =F30*H30*G30 -> 5850000
C31: 3.3 | D31: REFRIGERIOS que contenga porción mínima de 70 grms de harina Opciones: (Sandwich, Croasan), una fruta y jugo natural o bebida o jugo carbonatado de mínimo 600 ML | E31: Und | F31: 320 | G31: 1 | H31: 8667 | I31: =H31*F31 -> 2773440
C32: Subtotal | I32: =SUM(I29:I31) -> 8803440
C33: 4 | D33: ACTIVIDADES PSICOMOTORAS
C34: 4.1 | D34: Profesional en psicología para realizar charla motivacional | E34: Und | F34: 1 | G34: 1 | H34: 180000 | I34: =F34*H34*G34 -> 180000
C35: 4.2 | D35: Juego Cartas Barajas Naipes Plastificadas Plástico Poker #1 | E35: Und | F35: 5 | G35: 1 | H35: 30000 | I35: =F35*H35*G35 -> 150000
C36: 4.3 | D36: Domino Profesional Caja Madera Juego Fichas Casino Grande | E36: Und | F36: 5 | G36: 1 | H36: 30000 | I36: =F36*H36*G36 -> 150000
C37: 4.4 | D37: Ajedrez En Madera Artesanal De 45 X 45 | E37: Und | F37: 3 | G37: 1 | H37: 50000 | I37: =F37*H37*G37 -> 150000
C38: 4.5 | D38: REFRIGERIOS que contenga porción mínima de 70 grms de harina Opciones: (Sándwich, Croasan), una fruta y jugo natural o bebida o jugo carbonatado de mínimo 300 ML | E38: Und | F38: 320 | G38: 1 | H38: 8667 | I38: =F38*H38*G38 -> 2773440
C39: Subtotal | I39: =SUM(I34:I38) -> 3403440
C40: 5 | D40: ACTIVIDADES DEPORTIVAS
C41: 5.1 | D41: Instructor de aerobicos de bajo impacto | E41: Und | F41: 1 | G41: 1 | H41: 190000 | I41: =H41*F41*G41 -> 190000
C42: 5.2 | D42: Aro Hula-hula Grande Fluo Stasio 65cm Aprox X 10u | E42: Und | F42: 1 | G42: 1 | H42: 100000 | I42: =H42*F42*G42 -> 100000
C43: 5.3 | D43: Conos Platillos Marcación Deportivo Entrenamiento X 5 | E43: Und | F43: 5 | G43: 1 | H43: 22000 | I43: =H43*F43*G43 -> 110000
C44: 5.4 | D44: Escalera De Agilidad Coordinación Entrenamiento 10 pasos | E44: Und | F44: 5 | G44: 1 | H44: 30000 | I44: =H44*F44*G44 -> 150000
C45: 5.5 | D45: REFRIGERIOS que contenga porción mínima de 70 grms de harina Opciones: (Sandwich, Croasan), una fruta y jugo natural o bebida o jugo carbonatado de mínimo 600 ML | E45: Und | F45: 320 | G45: 1 | H45: 8667 | I45: =H45*F45*G45 -> 2773440
C46: 5.6 | D46: Hidratación a personas asistentes (botella de agua de 600 ml) | E46: Unidad | F46: 300 | G46: 1 | H46: 2137 | I46: =H46*F46*G46 -> 641100
C47: 5.7 | D47: Uniformes deportivos para adultos mayores | E47: Unidad | F47: 100 | G47: 1 | H47: 65000 | I47: =H47*F47*G47 -> 6500000
C48: 5.8 | D48: 2 Arcos banquita junior, Elaborado en material tubo PVC, Medidas: 35 Cm X 50 Cm 2 Balón de futbol. Incluye malla. | E48: Und | F48: 1 | G48: 1 | H48: 100000 | I48: =H48*F48*G48 -> 100000
C49: Subtotal | I49: =SUM(I41:I48) -> 10564540
C50: VALOR TOTAL | I50: =I49+I27+I32+I14+I39 -> 35508920
C54: Elaboró: Sandra Medina. Profesional Especializado Apoyo Banco de Proyectos.
C55: Aprobó: Johana Marcela Mestre Izquierdo
